Workbook
Name _Col1_iNdEx_2: #REF!
Name _Col2_iNdEx_3: #REF!
Name _Col3_iNdEx_4: #REF!
Name _Col4_iNdEx_5: #REF!
Name _Col5_iNdEx_6: #REF!
Name _Row0_TCol0_iNdEx_1: #REF!
Name _Row1_iNdEx_7: #REF!
Name _Row10_iNdEx_16: #REF!
Name _Row11_iNdEx_17: #REF!
Name _Row12_iNdEx_18: #REF!
Name _Row13_iNdEx_19: #REF!
Name _Row14_iNdEx_20: #REF!
Name _Row15_iNdEx_21: #REF!
Name _Row16_iNdEx_22: #REF!
Name _Row17_iNdEx_23: #REF!
Name _Row18_iNdEx_24: #REF!
Name _Row19_iNdEx_25: #REF!
Name _Row2_iNdEx_8: #REF!
Name _Row20_iNdEx_26: #REF!
Name _Row21_iNdEx_27: #REF!
Name _Row22_iNdEx_28: #REF!
Name _Row23_iNdEx_29: #REF!
Name _Row24_iNdEx_30: #REF!
Name _Row25_iNdEx_31: #REF!
Name _Row26_iNdEx_32: #REF!
Name _Row27_iNdEx_33: #REF!
Name _Row28_iNdEx_34: #REF!
Name _Row29_iNdEx_35: #REF!
Name _Row3_iNdEx_9: #REF!
Name _Row30_iNdEx_36: #REF!
Name _Row31_iNdEx_37: #REF!
Name _Row32_iNdEx_38: #REF!
Name _Row33_iNdEx_39: #REF!
Name _Row34_iNdEx_40: #REF!
Name _Row35_iNdEx_41: #REF!
Name _Row36_iNdEx_42: #REF!
Name _Row37_iNdEx_43: #REF!
Name _Row38_iNdEx_44: #REF!
Name _Row39_iNdEx_45: #REF!
Name _Row4_iNdEx_10: #REF!
Name _Row40_iNdEx_46: #REF!
Name _Row41_iNdEx_47: #REF!
Name _Row42_iNdEx_48: #REF!
Name _Row43_iNdEx_49: #REF!
Name _Row44_iNdEx_50: #REF!
Name _Row45_iNdEx_51: #REF!
Name _Row46_iNdEx_52: #REF!
Name _Row47_iNdEx_53: #REF!
Name _Row48_iNdEx_54: #REF!
Name _Row49_iNdEx_55: #REF!
Name _Row5_iNdEx_11: #REF!
Name _Row50_iNdEx_56: #REF!
Name _Row51_iNdEx_57: #REF!
Name _Row52_iNdEx_58: #REF!
Name _Row53_iNdEx_59: #REF!
Name _Row54_iNdEx_60: #REF!
Name _Row55_iNdEx_61: #REF!
Name _Row56_iNdEx_62: #REF!
Name _Row57_iNdEx_63: #REF!
Name _Row6_iNdEx_12: #REF!

Sheet Table of contents
B4: Sustainability Fact Book 2024
B6: INTRODUCTION | D6: SOCIAL
B7: Introduction | D7: Collective bargaining
B8: Change log | D8: Conflict resolution
B9: Nordic societies | D9: Accessible finance
B10: Sustainability Accounting Standards Board Index (SASB Index) | D10: Volunteering
B11: Sustainable Finance Disclosure Regulation mandatory Principal Adverse Impact Indicators (SFDR PAI Indicators) | D11: Employees
D12: Diversity, Equity and Inclusion
B13: SUSTAINABLE FINANCE | D13: Health and safety
B14: Sustainable finance
B15: Active ownership | D15: GOVERNANCE
D16: Management
B17: ENVIRONMENT | D17: Training
B18: Breakdown of baseline changes | D18: Danske Bank Policies
B19: Energy consumption
B20: Electricity consumption
B21: Heat consumption
B22: Road transport
B23: Air transport
B24: Paper consumption
B25: Carbon neutralisation
B26: Breakdown of indirect and direct CO2e emissions
B27: Other consumption
B29: Disclaimer:
B30: This publication has been prepared by Danske Bank for information purposes only. It is not an offer or solicitation of any offers to purchase or sell any securities, currency or financial instruments. Whilst reasonable care has been taken to ensure that the content of this publication is not untrue or misleading, no representation is made as to its accuracy or completeness, and no liability is accepted for any loss arising from reliance on it. Danske Bank, its affiliates or staff may perform business services, hold, establish, change or cease to hold positions in any securities, currency or financial instrument mentioned in this publication. Danske Bank Group’s research analysts are not permitted to invest in securities under coverage in their research sector. This publication is not intended for personal customers in the UK or any person in the US. Danske Bank is authorised by the Danish Financial Supervisory Authority (Finanstilsynet) and subject to limited regulation by the Financial Conduct Authority and the Prudential Regulation Authority for the conduct of business in the UK. Details on the extent of our regulation by the Financial Conduct Authority and the Prudential Regulation Authority are available from us on request. Member of the London Stock Exchange. Copyright © 2025 Danske Bank A/S. All rights reserved. This publication is protected by copyright and may not be reproduced in whole or in part without permission.
B32: For further information:
B33: Danske Bank Group Sustainability DK-1577 København V, Denmark Email — sustainability@danskebank.com

Sheet Introduction
B4: Introduction
B6: The Sustainability Fact Book aims to increase transparency and provide our stakeholders with relevant information and data about Danske Bank’s sustainability performance. How to read this report: • The Sustainability Fact Book 2024 includes environmental, social and governance (ESG) data and information based on stakeholder interest and demand. • When available, five-year historical data is reported (otherwise marked with -). Environmental data has been reported starting from 2019, as 2019 serves as the target baseline. Older historical data (since 2009, when available) can be found in Danske Bank's previous Sustainability Fact Books, available at https://danskebank.com/sustainability/publications-and-policies. • Because reporting principles are reviewed and updated on an ongoing basis year by year, accounting inconsistency may exist when comparing historical data. • Minor differences as a result of rounding may exist in some historical data when this data is compared against previously published data. • GDPR compliance has had implications for certain types of employee data, so caution should be exercised if making direct comparisons. • Some selected data points are no longer reported due to changed accounting and reporting procedures and/or the closure of activities. • Selected data in the Sustainability Fact Book 2024 has been verified by a third party. For further details on our reporting principles for ESG data included in the statutory Sustainability Statement, please refer to the Sustainability Statement in Danske Bank's Annual Report 2024.

Sheet Change log
B4: Change log
B6: Date | C6: Changes and/or additions | D6: Link to sheet
B7: 28.04.2025 | C7: The following sentence has been added to the sheet description: "The market-based methodology has been used to calculate Scope 1 and Scope 2 emissions." | D7: Breakdown of baseline changes
B8: 13.10.2025 | C8: The sheet has been updated with corrected numbers relating to Scope 2 emissions from heating. These numbers had been double counted resulting in a minor overstatement for the emissions. | D8: Breakdown of baseline changes
C9: The sheet has been updated with corrected numbers relating to Scope 2 emissions from heating. These numbers had been double counted resulting in a minor overstatement for the emissions. | D9: Breakdown of indirect & direct
C10: The sheet has been updated with corrected numbers relating to Scope 2 emissions from heating. These numbers had been double counted resulting in a minor overstatement for the emissions. | D10: Carbon neutralisation

Sheet Nordic societies
B4: Nordic societies
B6: Since 1871, Danske Bank has been creating opportunities and helping people and businesses realise their potential and ambitions – and we have evolved in tandem with the societies around us. In an international context, the Nordic societies (Denmark, Finland, the Faroe Islands, Iceland, Norway and Sweden) are outliers from a sustainability perspective due to their relatively advanced position in this field. One particular reason for this is that these countries have extensive regulation of their labour markets, pension systems, social security, unemployment benefits, wage negotiation schemes, health insurance and education. This extensive regulation creates common rules that apply to all parties in society. This means that there are often mandatory requirements unrelated to a specific business that are nonetheless adhered to by all businesses. Because laws and regulations typically do not form part of corporate disclosure, the true nature of commitments remains unnoticed in ESG analyses of businesses. The Nordic Council – the Nordic Council of Ministers is an organisation that serves to coordinate policies across the Nordic region. The council has a website that provides updated information on how Nordic societies function in all aspects of social life and on what to expect in terms of rights and obligations. This information source provides easy-to-use and up-to-date information on how Nordic societies function. Danske Bank is under obligation to follow applicable laws, rules, regulations and customs in its core markets. In general, how we fulfil such systemic requirements is not a disclosure item in our external reporting. Consequently, understanding how the Nordic societies are governed when assessing the performance of the Danske Bank Group is highly relevant. The following link directs to a website where this information is provided:
B7: norden.org/en
B9: With regard to property and construction, all Nordic countries operate in extensive regulatory frameworks that stipulate how to design, plan and construct real estate property. Such regulation typically addresses accessibility requirements (ensuring access for people with disabilities), indoor climate and ventilation, energy consumption, insulation and technical requirements that ensure the technical life expectancy of a building. Such requirements apply to new constructions and to renovation work or for properties purposed to operate activities directed at the public – for instance commercial services or public services. Regulation applies across the board, including to Danske Bank in its role as an employer and in its role as a provider of financial services. The regulatory context in which businesses operate is paramount, not only for understanding a business’s societal commitment but also when valuing real estate property. A selection of related links is provided below (some websites are available in local language only).
B11: Denmark | C11: på dansk | E11: trafikstyrelsen.dk | H11: bygst.dk | J11: bsf.dk | L11: in English | N11: en.trafikstyrelsen.dk | Q11: en.bygst.dk
B13: Finland | C13: Suomen kielellä | E13: ym.fi | H13: ym.fi/sv | L13: in English | N13: ym.fi/en
B15: Norway | C15: paa norsk | E15: dibk.no | H15: dibk.no/regelverk | L15: in English | N15: n/a
B17: Sweden | C17: på svenska | E17: boverket.se | L17: in English | N17: boverket.se/en

Sheet SASB Index
B4: Sustainability Accounting Standards Board Index - Commercial Banks Standard
B5: The Sustainability Accounting Standards Board (SASB) index provides references on where to find relevant information in Danske Bank’s current 2024 disclosures applied in the SASB's industry-specific standard for commercial banks. We cannot guarantee the accuracy, completeness, reasonableness or sufficiency of the information in relation to the SASB reporting standard. We solely confirm that references from the SASB index to reports and websites have been made to the best of our ability and that no information has knowingly been misstated or omitted. No new or additional information that has not been previously disclosed is provided in the SASB cross-reference table. Reference list: - Annual Report 2024 (AR) - Sustainability Statement (part of of Annual Report 2024) (SS) - Risk Management 2024 (RM) - Sustainability Fact Book 2024 (SFB) - Fact Book Q4 2024 (Q4 FB)
B9: Topic | C9: Accounting metric | D9: Reference | G9: SASB code | H9: Comment
B10: Data Security | C10: (1) Number of data breaches, (2) percentage involving personally identifiable information (PII), (3) number of account holders affected | D10: Data is currently not reported | G10: FN-CB-230a.1 | H10: We will consider whether inclusion in future reporting would be relevant.
C11: Description of approach to identifying and addressing data security risks | D11: RM: Information technology and security risk management; Data risk management | G11: FN-CB-230a.2
B12: Financial Inclusion and Capacity Building | C12: (1) Number and (2) amount of loans outstanding qualified to programmes designed to promote small business and community development | D12: Not applicable for Danske Bank to report on | G12: FN-CB-240a.1 | H12: The metric was omitted based on the lack of applicability Nordic markets.
C13: (1) Number and (2) amount of past due and nonaccrual loans qualified to programmes designed to promote small business and community development | D13: Not applicable for Danske Bank to report on | G13: FN-CB-240a.2 | H13: The metric was omitted based on the lack of applicability Nordic markets.
C14: Number of no-cost retail current accounts provided to previously unbanked or underbanked customers | D14: Not applicable for Danske Bank to report on | G14: FN-CB-240a.3 | H14: The metric was omitted based on the lack of applicability in the Nordic countries.
C15: Number of participants in financial literacy initiatives for unbanked, underbanked or underserved customers * | D15: Not applicable for Danske Bank to report on | G15: FN-CB-240a.4 | H15: The metric was omitted based on the lack of applicability for the Nordic markets.
B16: Incorporation of Environmental, Social, and Governance Factors in Credit Analysis | C16: Commercial and industrial credit exposure, by industry | D16: RM: Pillar III ESG Disclosures Templates 1-10 | G16: FN-CB-410a.1 | H16: As a European bank, Danske Bank references The Statistical Classification of Economic Activities in the European Community (NACE) for classifying counterparties. We do not use North American Industry Classification System (NAICS).
C17: Description of approach to incorporation of environmental, social, and governance (ESG) factors in credit analysis | D17: RM: Sustainability risk SS: Climate-related risks and resilience analysis | G17: FN-CB-410a.2 | H17: We do not disclose on project finance separately. Also, information about climate-related risks and resilience analysis can be found as part of our Sustainability Statement in Danske Bank's Annual Report 2024.
B18: Business Ethics | C18: Total amount of monetary losses as a result of legal proceedings associated with fraud, insider trading, anti-trust, anti-competitive behaviour, market manipulation, malpractice, or other related financial industry laws or regulations | D18: AR: Note G27c: Guarentees, commitments and contigents liabilities; Note G24b: Other assets and other liabilities, additional provisions made for regulatory and legal proceedings | G18: FN-CB-510a.1 | H18: See note G24 for the provisions for Regulatory and Legal proceeding accrued in 2024. See G27 for contingent liabilities that do not fulfil the criteria of a provision.
C19: Description of whistleblower policies and procedures | D19: SS: Share Your Concern and Whistleblowing System Find our Whistleblowing Policy at www.danskebank.com/about-us/corporate-governance/compliance | G19: FN-CB-510a.2 | H19: Information about Danske Bank's whistleblowing system can be found as part of our Sustainability Statement in Danske Bank's Annual Report 2024.
B20: Systemic Risk Management | C20: Global Systemically Important Bank (G-SIB) score, by category | D20: Find information on indicators for assessing systemically important bank at www.danskebank.com/investor-relations/regulation | G20: FN-CB-550a.1 | H20: We are not G-SIB but a national Systemically Important Financial Institution (SIFI), which triggers a range of additional requirements.
C21: Description of approach to incorporation of results of mandatory and voluntary stress tests into capital adequacy planning, long-term corporate strategy, and other business activities | D21: AR: Capital and liquidity management RM: Sustainability and credit risk; Capital risk management; Credit Risk Management Stress Testing; Pillar III Templates 1-10 | G21: FN-CB-550a.2 | H21: Danske Bank is required to maintain pillar II add-ons related to governance factors. Further stress testing requirements expected for E & S factors for capital adequacy planning purposes.
D22: Access our report on Additional Pillar III disclosure at www.danskebank.com/investor-relations/reports
D23: Find our separate report on ICAAP report at www.danskebank.com/investor-relations/reports
B25: Activity metric | D25: Reference | G25: SASB code | H25: Comment
B26: (1) Number and (2) value of checking and savings accounts by segment: (a) personal and (b) small business | D26: Q4 FB: Personal Customers, income statement; Business Customers, income statement | G26: FN-CB-000.A
B27: (1) Number and (2) value of loans by segment: (a) personal, (b) small business, and (c) corporate | D27: Q4 FB: Personal Customers, credit exposure; Business Customers, credit exposure; Large Corporates & Institutions, credit exposure | G27: FN-CB-000.A
B29: Find the most recent reports here.

Sheet SFDR PAI Indicators
B4: Sustainable Finance Disclosure Regulation - Principal Adverse Impact Indicators
B6: We report on relevant mandatory Principal Adverse Impact (PAI) indicators included in the EU's Sustainable Financial Disclosure Regulation (SFDR). The data covers Danske Bank's own operations only. Danske Bank's Statement on principal adverse impacts of investment decisions on sustainability factors can be found at www.danskebank.com/sustainability/publications-and-policies.
B8: Area | C8: Topic | D8: Accounting metric | E8: 2024 | F8: 2023 | G8: 2022 | H8: Unit | I8: Comment
B9: Environmental
B10: GHG emissions | C10: GHG Emissions | D10: Scope 1 | E10: ='Breakdown of baseline changes'!E10 -> 215.44735 | F10: ='Breakdown of baseline changes'!H10 -> 200.76072 | G10: ='Breakdown of indirect & direct '!E13 -> 244.61404 | H10: tonnes
D11: Scope 2 | E11: ='Breakdown of baseline changes'!F10 -> 1657.7516 | F11: ='Breakdown of baseline changes'!I10 -> 1753.3958 | G11: ='Breakdown of indirect & direct '!E53 -> 2062 | H11: tonnes | I11: Market-based
D12: Scope 3 | E12: ='Breakdown of baseline changes'!G10 -> 8597.6858 | F12: ='Breakdown of baseline changes'!J10 -> 9231.1101 | G12: ='Breakdown of indirect & direct '!E105 -> 7010.2409 | H12: tonnes | I12: Paper consumption, business travel, working from home
D13: Total GHG | E13: =SUM(E10:E12) -> 10470.885 | F13: =SUM(F10:F12) -> 11185.267 | G13: =SUM(G10:G12) -> 9316.8549 | H13: tonnes
C14: Share of non-renewable energy | D14: Renewable energy use | E14: =E16*E15% -> 37449.723 | F14: =F16*F15% -> 37106.942 | G14: =G16*G15% -> 42052.898 | H14: MWh
D15: Percentage renewable energy consumed | E15: ='Energy consumption'!C100 -> 47 | F15: ='Energy consumption'!D100 -> 53 | G15: ='Energy consumption'!E100 -> 51 | H15: % | I15: Related to own consumption (scope 1 and 2)
C16: Energy consumption intensity per high impact climate sector | D16: Total Energy Consumption | E16: ='Energy consumption'!C36 -> 79680.261 | F16: ='Energy consumption'!D36 -> 70013.098 | G16: ='Energy consumption'!E36 -> 82456.663 | H16: MWh
D17: Total Revenue1 | E17: See comment | F17: 26.7 | G17: -1.7 | H17: billion DKK | I17: See "Profit before tax" in Danske Bank Annual Report 2024: Financial highlights - Danske Bank Group: Income statement
B18: Biodiversity | C18: Activities negatively affecting biodiversity-sensitive areas | D18: Number of sites environmentally sensitive areas | E18: 0 | F18: 0 | G18: 0 | H18: number
B19: Water | C19: Emissions to water | D19: Total water discharged | E19: 0 | F19: 0 | G19: 0 | H19: m3 | I19: No discharges to water except for hygiene water
D20: Water stress exposure percentage | E20: 0 | F20: 0 | G20: 0 | H20: % | I20: No data, and not material for a bank to measure
B21: Waste | C21: Hazardous waste ratio | D21: Hazardous waste | E21: 0 | F21: 0 | G21: 0 | H21: tonnes | I21: No data, and not material for a bank to measure
B22: Social and Employee, respect for human rights, anti-corruption and anti-bribery matters
B23: Social and employee matters | C23: Unadjusted gender pay gap | D23: Mean Gender Pay Gap1 | E23: 24.6 | F23: =100-'Diversity, Equity and Inclusion'!D35 -> 23.3 | G23: =100-'Diversity, Equity and Inclusion'!E35 -> 24 | H23: % | I23: Median Gender Pay Gap
C24: Policies to monitor compliance with the UNGC principles or OECD Guidelines for Multinational Enterprises | D24: UN Global Compact signatory | E24: yes | F24: yes | G24: yes | H24: yes/no
C25: Board gender diversity | D25: % Women on the Board of Directors 1 | E25: =Management!C11 -> 37.5 | F25: =Management!D11 -> 38 | G25: =Management!E11 -> 44 | H25: % | I25: Elected at the Annual General Meeting. 50% women on the Board of Directors if employee-elected members are also included.
B26: 1 Verified by third party.

Sheet Sustainable finance
B4: Sustainable finance
B6: Green bonds issued by Danske Bank (DB) (DKK billions) | C6: 2024 | D6: 2023 | E6: 2022 | F6: 2021 | G6: 2020
C7: 33.3 | D7: 33.4 | E7: 13 | F7: 7.4 | G7: 3.7
B9: Green bonds issued by Realkredit Danmark (RD) (DKK billions) | C9: 2024 | D9: 2023 | E9: 2022 | F9: 2021 | G9: 2020
C10: 29.1 | D10: 27.2 | E10: 21.5 | F10: 17 | G10: 9.8
B12: Bloomberg League table share of arranged Sustainable Bonds (DKK billions) 1,2 | C12: 2024 | D12: 2023 | E12: 2022 | F12: 2021 | G12: 2020
C13: 89.7 | D13: 93.5 | E13: 64.4 | F13: 77.3 | G13: 40.8
B14: 1 Sustainable bonds comprise green bonds, social bonds, sustainability bonds and sustainability-linked bonds.
B15: 2 The data for 2020-2023 has been restated due to the inclusion of sustainability-linked bonds.
B17: Green loans granted to customers in DB (DKK billions) | C17: 2024 | D17: 2023 | E17: 2022 | F17: 2021 | G17: 2020
C18: 49.4 | D18: 41.9 | E18: 34.8 | F18: 20.6 | G18: 12.5
B20: Green loans granted to customers in RD (DKK billions) | C20: 2024 | D20: 2023 | E20: 2022 | F20: 2021 | G20: 2020
C21: 29 | D21: 27.1 | E21: 21.5 | F21: 16.9 | G21: 9.8
B23: Investments in the green transition by Danica (DKK billions) | C23: 2024 | D23: 2023 | E23: 2022 | F23: 2021 | G23: 2020
C24: 57.4 | D24: 55.4 | E24: 37.7 | F24: 33.5 | G24: 27.2
B26: AuM in ESG funds (Article 8) (DKK billions) 1, 2 | C26: 2024 | D26: 2023 | E26: 2022 | F26: 2021 | G26: 2020
C27: 572 | D27: 517 | E27: 465 | F27: 564 | G27: -
B28: 1 In 2021, the category 'Danske Invest Global Sustainable Future' was replaced by 'AuM in ESG funds (Article 8)' and 'AuM in funds with sustainability objective (Article 9)'.
B29: 2 Data for 2020-2022 are verified by third party.
B31: AuM in funds with sustainability objective (Article 9) (DKK billions)1,2 | C31: 2024 | D31: 2023 | E31: 2022 | F31: 2021 | G31: 2020
C32: 49 | D32: 53 | E32: 52 | F32: 65 | G32: -
B33: 1 In 2021, the category 'Danske Invest Global Sustainable Future' has been replaced by 'AuM in ESG funds (Article 8)' and 'AuM in funds with sustainability objective (Article 9)'.
B34: 2 Data for 2020-2023 are verified by third party.

Sheet Active ownership
B4: Sustainable finance: Active ownership
B6: Total Assets under Management (DKK billions) 1 | C6: 2024 | D6: 2023 | E6: 2022 | F6: 2021 | G6: 2020
C7: 880 | D7: 771 | E7: 670 | F7: 2007 | G7: 1765
B8: 1 The data for 2023 has been restated.
B10: Total number of ESG dialogues 1 | C10: 2024 | D10: 2023 | E10: 2022 | F10: 2021 | G10: 2020
C11: 2438 | D11: 1481 | E11: 1718 | F11: - | G11: -
B12: 1 The data includes Group data, i.e. Danica and Danske Invest.
B14: Total number of companies we have had dialogues with 1 | C14: 2024 | D14: 2023 | E14: 2022 | F14: 2021 | G14: 2020
C15: 1214 | D15: 809 | E15: 978 | F15: - | G15: -
B16: 1 The data includes Group data, i.e. Danica and Danske Invest.
B18: Total number of proposals 1 | C18: 2024 | D18: 2023 | E18: 2022 | F18: 2021 | G18: 2020
C19: 40730 | D19: 61926 | E19: 61373 | F19: - | G19: -
B20: 1 The data includes Group data, i.e. Danica and Danske Invest.
B22: Total number of general meetings 1 | C22: 2024 | D22: 2023 | E22: 2022 | F22: 2021 | G22: 2020
C23: 3307 | D23: 4972 | E23: 4957 | F23: - | G23: -
B24: 1 The data includes Group data, i.e. Danica and Danske Invest.

Sheet Breakdown of baseline changes
B4: Environment: Breakdown of historical baseline changes
B6: Data quality is improving on an ongoing basis. The chart below illustrates the material changes to our different environmental metrics, specifying how the baseline has changed with restated figures when material changes have been made to scopes. The market-based methodology has been used to calculate Scope 1 and Scope 2 emissions.
B8: Change | C8: Changed | D8: Version | E8: 2024 | H8: 2023 | K8: 2022 | N8: 2021 | Q8: 2020 | T8: 2019
E9: Scope 1 | F9: Scope 2 | G9: Scope 3 | H9: Scope 1 | I9: Scope 2 | J9: Scope 3 | K9: Scope 1 | L9: Scope 2 | M9: Scope 3 | N9: Scope 1 | O9: Scope 2 | P9: Scope 3 | Q9: Scope 1 | R9: Scope 2 | S9: Scope 3 | T9: Scope 1 | U9: Scope 2 | V9: Scope 3
B10: Restatement of our baseline for own operations emissions (scope 1, 2, and current scope 3) to enhance the accuracy of the 'Scope 3.6 business travel by air' model. | C10: 2024 | D10: 0.3 | E10: 215.44735 | F10: 1657.7516 | G10: 8597.6858 | H10: 200.76072 | I10: 1753.3958 | J10: 9231.1101 | K10: 244.61404 | L10: 2062.3607 | M10: 7010.2409 | N10: 643.04729 | O10: 2812.1901 | P10: 3886.8445 | Q10: 651.4545 | R10: 3209.2723 | S10: 8318.1016 | T10: 555.22274 | U10: 4550.4035 | V10: 17629.925
E11: 10470.885 | H11: 11185.267 | K11: 9317.2156 | N11: 7342.0819 | Q11: 12178.828 | T11: 22735.552
B12: Addition of emissions from employee benefit cars - Denmark. Restructure of emissions from business travel incorrectly reported in scope 1, moved to scope 3. Correction of emissions factor for district heating in Denmark | C12: 2023 | D12: 0.2 | E12: - | F12: - | G12: - | H12: 200.76072 | I12: 1753.3958 | J12: 7338.1217 | K12: 244.61404 | L12: 2062.3607 | M12: 6055.4974 | N12: 643.04729 | O12: 2812.1901 | P12: 3944.6012 | Q12: 651.4545 | R12: 3209.2723 | S12: 6537.5336 | T12: 555.22274 | U12: 4550.4035 | V12: 12196.095
E13: - | H13: 9292.2782 | K13: 8362.4722 | N13: 7399.8386 | Q13: 10398.26 | T13: 17301.721
B14: Addition of emissions from working from home | C14: 2022 | D14: 0.1 | E14: - | F14: - | G14: - | H14: - | I14: - | J14: - | K14: 468 | L14: 1871 | M14: 4641 | N14: 787 | O14: 2786 | P14: 2650.9384 | Q14: 810 | R14: 3119 | S14: 4956.5685 | T14: 790 | U14: 4480 | V14: 10340.682
E15: - | H15: - | K15: 6979 | N15: 6224 | Q15: 8886 | T15: 15611
B16: First reported | C16: N/A | D16: 0.0 | E16: - | F16: - | G16: - | H16: - | I16: - | J16: - | K16: - | L16: - | M16: - | N16: 787 | O16: 2786 | P16: 1161 | Q16: 810 | R16: 3119 | S16: 3942 | T16: 790 | U16: 4480 | V16: 9960
E17: - | H17: - | K17: - | N17: 4734 | Q17: 7871 | T17: 15230

Sheet Energy consumption
B4: Environment: Energy consumption
B6: Energy consumption of the Danske Bank Group – all data is reported from Q4-Q3 and covers our main operations in Denmark, Finland, Sweden, Norway, Northern Ireland, Ireland, Lithuania and India.
B8: The Danske Bank Group sold its operations in India in 2023. Therefore, no data is available for India for 2024 and onwards.
B10: Floor area — square metres occupied (average) | C10: 2024 | D10: 2023 | E10: 2022 | F10: 2021 | G10: 2020 | H10: 2019
B11: Total | C11: 465216 | D11: 450964.73 | E11: 463332.13 | F11: 509522.28 | G11: 528109.55 | H11: 539812.79
B12: Denmark | C12: 301531 | D12: 264178.28 | E12: 254837.38 | F12: 286443 | G12: 293901.23 | H12: 306041.09
B13: Finland | C13: 46527 | D13: 48590.926 | E13: 51105 | F13: 52306 | G13: 63332.027 | H13: 70189.548
B14: Sweden | C14: 30587 | D14: 33917 | E14: 34124.995 | F14: 37208 | G14: 37809.546 | H14: 41318.521
B15: Norway | C15: 22309 | D15: 23640.479 | E15: 26819.184 | F15: 30880 | G15: 35779.475 | H15: 33947.635
B16: Northern Ireland | C16: 23670 | D16: 23938.16 | E16: 26200.636 | F16: 26781 | G16: 27735.87 | H16: 29861.04
B17: Ireland | C17: 1047 | D17: 1046.8878 | E17: 1047 | F17: 1047 | G17: 1046.824 | H17: 1046.65
B18: Lithuania | C18: 39545 | D18: 39545 | E18: 50151.387 | F18: 60027 | G18: 53673.578 | H18: 42577.307
B19: India | C19: - | D19: 16108 | E19: 19046.553 | F19: 14831 | G19: 14831 | H19: 14831
B21: Number of FTEs 1,2 | C21: 2024 | D21: 2023 | E21: 2022 | F21: 2021 | G21: 2020 | H21: 2019
B22: Total | C22: 20063 | D22: 20440.296 | E22: 21395 | F22: 21855 | G22: 21973 | H22: 20767
B23: Denmark | C23: 9819.3383 | D23: 9778.7954 | E23: 10417.582 | F23: 10802.413 | G23: 11019.836 | H23: 10630.635
B24: Finland | C24: 1529.6299 | D24: 1542.6731 | E24: 1604.1519 | F24: 1722.25 | G24: 1815.8919 | H24: 1878.0694
B25: Sweden | C25: 1440.057 | D25: 1445.4659 | E25: 1441.0569 | F25: 1457.75 | G25: 1498.7715 | H25: 1451.2786
B26: Norway | C26: 926.55224 | D26: 1043.8016 | E26: 1078.3002 | F26: 1125.25 | G26: 1151.4763 | H26: 1106.1662
B27: Northern Ireland | C27: 1348.3066 | D27: 1379.3668 | E27: 1358.9554 | F27: 1414.75 | G27: 1421.0691 | H27: 1426.2819
B28: Ireland | C28: 45.048634 | D28: 44.996986 | E28: 46.813397 | F28: 46 | G28: 49.347541 | H28: 55.807397
B29: Lithuania | C29: 4405.483 | D29: 4165.4434 | E29: 4074.4414 | F29: 3879.75 | G29: 3747.3434 | H29: 3163.0251
B30: India | C30: - | D30: 1390.1451 | E30: 1373.2937 | F30: 1407.25 | G30: 1269.2186 | H30: 1055.5863
B31: Estimated countries | C31: 548.2335 | D31: - | E31: - | F31: - | G31: - | H31: -
B32: 1 The number of FTEs is provided by Group Finance and covers the average number of employees for the financial year from Q4 to Q3. In 2024, the total number of FTEs, includes number of FTEs from the estimated countries.
B33: 2 The number of FTEs for India is an average number of full-time employees of Q4 2022, Q1 2023 and Q2 2023. At the end of Q3 2023, no FTEs calculated in India due to the divestment/sale of Danske IT to InfoSys.
B35: Energy consumption in total (MWh) 1,2,3 | C35: 2024 | D35: 2023 | E35: 2022 | F35: 2021 | G35: 2020 | H35: 2019
B36: Total | C36: 79680.261 | D36: 70013.098 | E36: 82456.663 | F36: 93895.49 | G36: 99569.815 | H36: 107615
B37: Denmark | C37: 49874.469 | D37: 43895.079 | E37: 50220.382 | F37: 60103.574 | G37: 59442.008 | H37: 64074.592
B38: Finland | C38: 7217.5677 | D38: 6728.0052 | E38: 7365.7009 | F38: 7637.6615 | G38: 9425.3544 | H38: 11686.566
B39: Sweden | C39: 4949.6415 | D39: 3972.0441 | E39: 4044.0087 | F39: 4605.1725 | G39: 4851.4358 | H39: 7021.3118
B40: Norway | C40: 3766.0243 | D40: 4121.6446 | E40: 5364.0222 | F40: 5385.3211 | G40: 5806.6895 | H40: 6445.7211
B41: Northern Ireland | C41: 3882.736 | D41: 3601.174 | E41: 3790.732 | F41: 4756.19 | G41: 5720.586 | H41: 5833.983
B42: Ireland | C42: 77.405 | D42: 82.482 | E42: 118.494 | F42: 148.862 | G42: 148.235 | H42: 136.141
B43: Lithuania | C43: 7476.812 | D43: 6105.907 | E43: 10214.323 | F43: 10400.709 | G43: 12933.028 | H43: 10862.613
B44: India | C44: - | D44: 1506.7619 | E44: 1339 | F44: 858 | G44: 1242.479 | H44: 1554.4661
B45: Estimated countries | C45: 2435.6058 | D45: - | E45: - | F45: - | G45: - | H45: -
B46: 1 From 2019 and onwards, the Swedish energy consumption also included district cooling.
B47: 2 Due to changes in 2024 reporting system, estimated country consumption data is now in a different format, separate from country totals. This change is visible only from 2024, leaving previous years' data empty.
B48: 3 2019-2023 verified by third party .
B50: Energy consumption per employee (MWh/FTE) 1,2 | C50: 2024 | D50: 2023 | E50: 2022 | F50: 2021 | G50: 2020 | H50: 2019
B51: Total | C51: 3.9716185 | D51: 3.43 | E51: 3.8540885 | F51: 4.3 | G51: 4.5314716 | H51: 5.182076
B52: Denmark | C52: 5.0792087 | D52: 4.49 | E52: 4.8207329 | F52: 5.56 | G52: 5.3940921 | H52: 6.0273531
B53: Finland | C53: 4.7185059 | D53: 4.36 | E53: 4.5916479 | F53: 4.43 | G53: 5.1904822 | H53: 6.2226486
B54: Sweden | C54: 3.4371151 | D54: 2.75 | E54: 2.8062797 | F54: 3.16 | G54: 3.2369415 | H54: 4.8380179
B55: Norway | C55: 4.0645569 | D55: 3.95 | E55: 4.9745167 | F55: 4.79 | G55: 5.0428216 | H55: 5.8270821
B56: Northern Ireland | C56: 2.8797129 | D56: 2.61 | E56: 2.7894454 | F56: 3.36 | G56: 4.025551 | H56: 4.0903436
B57: Ireland | C57: 1.7182541 | D57: 1.83 | E57: 2.5311985 | F57: 3.24 | G57: 3.0038984 | H57: 2.4394795
B58: Lithuania | C58: 1.6971606 | D58: 1.47 | E58: 2.506926 | F58: 2.68 | G58: 3.4512524 | H58: 3.4342483
B59: India | C59: - | D59: 1.08 | E59: 0.97502814 | F59: 0.61 | G59: 0.97893225 | H59: 1.4726092
B60: 1 In 2024, the total energy consumption per employee (MWh/FTE) is calculated by dividing the total energy consumption by the total number of FTEs, including those in estimated countries.
B61: 2 2019-2023 verified by third party.
B63: Energy consumption per square metre (kWh/m2) | C63: 2024 | D63: 2023 | E63: 2022 | F63: 2021 | G63: 2020 | H63: 2019
B64: Total | C64: 171.27584 | D64: 155.25183 | E64: 177.96448 | F64: 184.28142 | G64: 188.54008 | H64: 199.35688
B65: Denmark | C65: 165.40412 | D65: 166.15703 | E65: 197.06835 | F65: 209.82734 | G65: 202.25165 | H65: 209.36597
B66: Finland | C66: 155.12644 | D66: 138.46217 | E66: 144.12877 | F66: 146.01884 | G66: 148.82445 | H66: 166.50009
B67: Sweden | C67: 161.82174 | D67: 117.11071 | E67: 118.50577 | F67: 123.76834 | G67: 128.31246 | H67: 169.93134
B68: Norway | C68: 168.81188 | D68: 174.34691 | E68: 200.00691 | F68: 174.39511 | G68: 162.29107 | H68: 189.87246
B69: Northern Ireland | C69: 164.03616 | D69: 150.43654 | E69: 144.68092 | F69: 177.59568 | G69: 206.25226 | H69: 195.37106
B70: Ireland | C70: 73.930277 | D70: 78.787812 | E70: 113.17479 | F70: 142.17956 | G70: 141.6045 | H70: 130.07309
B71: Lithuania | C71: 189.07098 | D71: 154.40402 | E71: 203.66981 | F71: 173.26719 | G71: 240.95706 | H71: 255.12683
B72: India | C72: - | D72: 93.541218 | E72: 70.301433 | F72: 57.851797 | G72: 83.775807 | H72: 104.81195
B74: Direct energy consumption (MWh) | C74: 2024 | D74: 2023 | E74: 2022 | F74: 2021 | G74: 2020 | H74: 2019
B75: Total | C75: 1397.4404 | D75: 1527.3483 | E75: 1506.2371 | F75: 2686.6735 | G75: 3065.9621 | H75: 2636.7783
B76: Denmark | C76: 404.33742 | D76: 669.99431 | E76: 479.62508 | F76: 596.80346 | G76: 484.88209 | H76: 495.437
B77: Finland | C77: - | D77: - | E77: - | F77: - | G77: - | H77: -
B78: Sweden | C78: - | D78: - | E78: - | F78: - | G78: - | H78: -
B79: Norway | C79: - | D79: - | E79: - | F79: - | G79: 5.18 | H79: 5.18
B80: Northern Ireland | C80: 993.103 | D80: 857.354 | E80: 1026.612 | F80: 2090 | G80: 2575.9 | H80: 2136.161
B81: Ireland | C81: - | D81: - | E81: - | F81: - | G81: - | H81: -
B82: Lithuania | C82: - | D82: - | E82: - | F82: - | G82: - | H82: -
B83: India | C83: - | D83: - | E83: - | F83: - | G83: - | H83: -
B85: Indirect energy consumption (MWh) 1,2 | C85: 2024 | D85: 2023 | E85: 2022 | F85: 2021 | G85: 2020 | H85: 2019
B86: Total | C86: 78282.82 | D86: 68485.804 | E86: 80950.426 | F86: 91208.817 | G86: 96503.853 | H86: 104978.62
B87: Denmark | C87: 49470.131 | D87: 43225.139 | E87: 49740.757 | F87: 59506.77 | G87: 58957.126 | H87: 63579.154
B88: Finland | C88: 7217.5677 | D88: 6728.0052 | E88: 7365.7009 | F88: 7637.6615 | G88: 9425.3544 | H88: 11686.566
B89: Sweden | C89: 4949.6415 | D89: 3972.0441 | E89: 4044.0087 | F89: 4605.1725 | G89: 4851.4358 | H89: 7021.3118
B90: Norway | C90: 3766.0243 | D90: 4121.6446 | E90: 5364.0222 | F90: 5385.3211 | G90: 5801.5095 | H90: 6440.5411
B91: Northern Ireland | C91: 2889.633 | D91: 2743.82 | E91: 2764.12 | F91: 2666.32 | G91: 3144.686 | H91: 3697.822
B92: Ireland | C92: 77.405 | D92: 82.482 | E92: 118.494 | F92: 148.862 | G92: 148.235 | H92: 136.141
B93: Lithuania | C93: 7476.812 | D93: 6105.907 | E93: 10214.323 | F93: 10400.709 | G93: 12933.028 | H93: 10862.613
B94: India | C94: - | D94: 1506.7619 | E94: 1339 | F94: 858 | G94: 1242.479 | H94: 1554.4661
B95: Estimated countries | C95: 2435.6058 | D95: - | E95: - | F95: - | G95: - | H95: -
B96: 1 From 2019 and onwards, the Swedish energy consumption also included district cooling.
B97: 2 Due to changes in 2024 reporting system, estimated country consumption data is now in a different format, separate from country totals. This change is visible only from 2024, leaving previous years' data empty.
B99: Renewable energy share scope 1 and 2 (%) 1 | C99: 2024 | D99: 2023 | E99: 2022 | F99: 2021 | G99: 2020 | H99: 2019
B100: Total | C100: 47 | D100: 53 | E100: 51 | F100: 46 | G100: 53 | H100: 52
B101: 1 2019-2023 verified by third party.

Sheet Electricity consumption
B4: Environment: Electricity consumption
B6: Electricity consumption of the Danske Bank Group – all data is reported from Q4-Q3 and covers our main operations in Denmark, Finland, Sweden, Norway, Northern Ireland, Ireland, Lithuania and India.
B8: The Danske Bank Group sold its operations in India in 2023. Therefore, no data is available for India for 2024.
B10: Electricity consumption — total (MWh) 1 | C10: 2024 | D10: 2023 | E10: 2022 | F10: 2021 | G10: 2020 | H10: 2019
B11: Total | C11: 37510.821 | D11: 37035.584 | E11: 41748.469 | F11: 43017.978 | G11: 52891.272 | H11: 56451.256
B12: Denmark | C12: 20366.79 | D12: 20546.271 | E12: 21674.581 | F12: 23221.304 | G12: 27242.613 | H12: 30710.705
B13: Finland | C13: 3387.1462 | D13: 2994.4196 | E13: 3205.1948 | F13: 3863.0896 | G13: 5248.5315 | H13: 5459.0115
B14: Sweden | C14: 1931.3498 | D14: 2116.1714 | E14: 1929.6285 | F14: 2129.7093 | G14: 2447.762 | H14: 3056.3024
B15: Norway | C15: 2010.0897 | D15: 2216.8507 | E15: 3140.5537 | F15: 3353.9203 | G15: 4234.2695 | H15: 4515.0436
B16: Northern Ireland | C16: 2889.633 | D16: 2743.82 | E16: 2764.12 | F16: 2666.32 | G16: 3144.686 | H16: 3697.822
B17: Ireland | C17: 77.405 | D17: 82.482 | E17: 118.494 | F17: 148.862 | G17: 148.235 | H17: 136.141
B18: Lithuania | C18: 5823.384 | D18: 4828.807 | E18: 7576.8973 | F18: 6776.7726 | G18: 9182.696 | H18: 7321.765
B19: India | C19: - | D19: 1506.7619 | E19: 1339 | F19: 858 | G19: 1242.479 | H19: 1554.4661
B20: Estimated countries | C20: 1025.0236 | D20: - | E20: - | F20: - | G20: - | H20: -
B21: 1 Due to changes in 2024 reporting system, estimated country consumption data is now in a different format, separate from country totals. This change is visible only from 2024, leaving previous years' data empty.
B23: Electricity consumption per employee (MWh/FTE) 1 | C23: 2024 | D23: 2023 | E23: 2022 | F23: 2021 | G23: 2020 | H23: 2019
B24: Total | C24: 1.8696844 | D24: 1.7813544 | E24: 1.9513559 | F24: 1.97 | G24: 2.407108 | H24: 2.718335
B25: Denmark | C25: 2.074151 | D25: 2.1011045 | E25: 2.0805769 | F25: 2.1496406 | G25: 2.4721433 | H25: 2.8888871
B26: Finland | C26: 2.2143567 | D26: 1.941059 | E26: 1.9980618 | F26: 2.2430481 | G26: 2.8903327 | H26: 2.9067145
B27: Sweden | C27: 1.3411621 | D27: 1.4640064 | E27: 1.339037 | F27: 1.4609565 | G27: 1.6331788 | H27: 2.1059378
B28: Norway | C28: 2.1694294 | D28: 2.1238237 | E28: 2.9125041 | F28: 2.9806001 | G28: 3.6772529 | H28: 4.0817047
B29: Northern Ireland | C29: 2.1431572 | D29: 1.9891881 | E29: 2.0340034 | F29: 1.8846581 | G29: 2.2129016 | H29: 2.5926305
B30: Ireland | C30: 1.7182541 | D30: 1.8330561 | E30: 2.5311985 | F30: 3.2361304 | G30: 3.0038984 | H30: 2.4394795
B31: Lithuania | C31: 1.3218492 | D31: 1.159254 | E31: 1.8596162 | F31: 1.7467034 | G31: 2.4504549 | H31: 2.3147983
B32: India | C32: - | D32: 1.0838883 | E32: 0.97502814 | F32: 0.60969977 | G32: 0.97893225 | H32: 1.4726092
B33: 1 In 2024, the total electricity consumption per employee (MWh/FTE) is calculated by dividing the total electricity consumption by the total number of FTEs, including those in estimated countries.
B35: Electricity consumption per m2 (kWh/m2) | C35: 2024 | D35: 2023 | E35: 2022 | F35: 2021 | G35: 2020 | H35: 2019
B36: Total | C36: 81 | D36: 82.125233 | E36: 90.104843 | F36: 84.420762 | G36: 100.15208 | H36: 104.57562
B37: Denmark | C37: 67.544598 | D37: 77.774264 | E37: 85.052597 | F37: 81.026096 | G37: 92.69309 | H37: 100.3483
B38: Finland | C38: 72.799583 | D38: 61.625078 | E38: 62.717831 | F38: 73.943592 | G38: 82.873259 | H38: 77.775276
B39: Sweden | C39: 63.142831 | D39: 62.392646 | E39: 56.545898 | F39: 57.216156 | G39: 64.739257 | H39: 73.969308
B40: Norway | C40: 90.102186 | D40: 93.773507 | E40: 117.10102 | F40: 108.54615 | G40: 118.34353 | H40: 133.00024
B41: Northern Ireland | C41: 122.07997 | D41: 114.62117 | E41: 105.4982 | F41: 99.456359 | G41: 113.37975 | H41: 123.83433
B42: Ireland | C42: 73.930277 | D42: 78.787812 | E42: 113.17479 | F42: 142.17956 | G42: 141.6045 | H42: 130.07309
B43: Lithuania | C43: 147.25968 | D43: 122.10917 | E43: 151.08051 | F43: 113.42569 | G43: 171.0841 | H43: 171.96402
B44: India | C44: - | D44: 93.541218 | E44: 70.301433 | F44: 57.851797 | G44: 83.775807 | H44: 104.81195
B46: Electricity consumption — head office (MWh) | C46: 2024 | D46: 2023 | E46: 2022 | F46: 2021 | G46: 2020 | H46: 2019
B47: Total | C47: 26861 | D47: 26838.023 | E47: 29771.713 | F47: 30669 | G47: 37134.886 | H47: 38365
B48: Denmark | C48: 14518.365 | D48: 14426.415 | E48: 14254.838 | F48: 15451 | G48: 18334.504 | H48: 20228.326
B49: Finland | C49: 2597.0425 | D49: 2114.6497 | E49: 2282.3476 | F49: 2712 | G49: 2738.9381 | H49: 3095.55
B50: Sweden | C50: 1206.2946 | D50: 1380.3803 | E50: 1270.3845 | F50: 1404 | G50: 1575.1615 | H50: 1775.5686
B51: Norway | C51: 1460.383 | D51: 1475.9664 | E51: 1973.542 | F51: 2317 | G51: 2623.581 | H51: 2504.248
B52: Northern Ireland | C52: 1177.679 | D52: 1022.56 | E52: 956.21 | F52: 1006 | G52: 1324.981 | H52: 1786.912
B53: Ireland | C53: 77.405 | D53: 82.482 | E53: 118.494 | F53: 149 | G53: 148.235 | H53: 136.141
B54: Lithuania | C54: 5823.384 | D54: 4828.807 | E54: 7576.8973 | F54: 6772 | G54: 9147.006 | H54: 7283.735
B55: India | C55: - | D55: 1506.7619 | E55: 1339 | F55: 858 | G55: 1242.479 | H55: 1554.4661
B57: Electricity consumption — branches (MWh) | C57: 2024 | D57: 2023 | E57: 2022 | F57: 2021 | G57: 2020 | H57: 2019
B58: Total | C58: 6690 | D58: 7391.3201 | E58: 8983.7565 | F58: 9597 | G58: 15756.386 | H58: 18085
B59: Denmark | C59: 3428.6458 | D59: 3840.3578 | E59: 4943.8627 | F59: 5587 | G59: 8908.109 | H59: 10482
B60: Finland | C60: 547.2214 | D60: 623.77885 | E60: 656.69416 | F60: 906 | G60: 2509.5934 | H60: 2363
B61: Sweden | C61: 563.22937 | D61: 578.96972 | E61: 521.02592 | F61: 592 | G61: 872.60046 | H61: 1280.7338
B62: Norway | C62: 437.55304 | D62: 626.95371 | E62: 1054.2637 | F62: 847 | G62: 1610.6885 | H62: 2010.7956
B63: Northern Ireland | C63: 1712.954 | D63: 1721.26 | E63: 1807.91 | F63: 1660 | G63: 1819.705 | H63: 1910.91
B64: Ireland | C64: - | D64: - | E64: - | F64: - | G64: - | H64: -
B65: Lithuania | C65: - | D65: - | E65: - | F65: 5 | G65: 35.69 | H65: 38.03
B66: India | C66: - | D66: - | E66: - | F66: - | G66: - | H66: -

Sheet Heat consumption
B4: Environment: Heat consumption
B6: Heat consumption of the Danske Bank Group – all data is reported from Q4-Q3 and covers our main operations in Denmark, Finland, Sweden, Norway, Northern Ireland, Ireland, Lithuania and India.
B8: The Danske Bank Group sold its operations in India in 2023. Therefore, no data is available for India for 2024.
B10: Heat consumption — total (MWh) 1,2,3 | C10: 2024 | D10: 2023 | E10: 2022 | F10: 2021 | G10: 2020 | H10: 2019
B11: Total | C11: =SUM(C12:C20) -> 42169.44 | D11: 32977.514 | E11: 40708.194 | F11: 50877.512 | G11: 46678.543 | H11: 51164.138
B12: Denmark | C12: 29507.678 | D12: 23348.808 | E12: 28545.801 | F12: 36882.27 | G12: 32199.395 | H12: 33363.887
B13: Finland | C13: 3830.4215 | D13: 3733.5856 | E13: 4160.5061 | F13: 3774.5719 | G13: 4176.8229 | H13: 6227.5544
B14: Sweden | C14: 3018.2917 | D14: 1855.8727 | E14: 2114.3803 | F14: 2475.4631 | G14: 2403.6739 | H14: 3965.0094
B15: Norway | C15: 1755.9347 | D15: 1904.7939 | E15: 2223.4685 | F15: 2031.4008 | G15: 1572.42 | H15: 1930.6775
B16: Northern Ireland | C16: 993.103 | D16: 857.354 | E16: 1026.612 | F16: 2089.87 | G16: 2575.9 | H16: 2136.161
B17: Ireland | C17: - | D17: - | E17: - | F17: - | G17: - | H17: -
B18: Lithuania | C18: 1653.428 | D18: 1277.1 | E18: 2637.4259 | F18: 3623.9369 | G18: 3750.3319 | H18: 3540.8484
B19: India | C19: - | D19: - | E19: - | F19: - | G19: - | H19: -
B20: Estimated countries | C20: 1410.5822 | D20: - | E20: - | F20: - | G20: - | H20: -
B21: 1 From 2019, heat consumption for Sweden also included district cooling. The increase in heat consumption (MWh) in Sweden is mainly due to developments in some key offices in the country.
B22: 2 Due to changes in 2024 reporting system, estimated country consumption data is now in a different format, separate from country totals. This change is visible only from 2024, leaving previous years' data empty.
B23: 3 Heat consumption (MWh) also includes district cooling.
B25: Heat consumption per employee (MWh/FTE)1,2 | C25: 2024 | D25: 2023 | E25: 2022 | F25: 2021 | G25: 2020 | H25: 2019
B26: Total | C26: 2.1019124 | D26: 1.5861675 | E26: 1.9027326 | F26: 2.3278184 | G26: 2.1243636 | H26: 2.4637409
B27: Denmark | C27: 3.0050577 | D27: 2.3876978 | E27: 2.740156 | F27: 3.4141339 | G27: 2.9219488 | H27: 3.138466
B28: Finland | C28: 2.5041492 | D28: 2.4202053 | E28: 2.5935861 | F28: 2.1917291 | G28: 2.3001496 | H28: 3.3159341
B29: Sweden | C29: 2.095953 | D29: 1.283927 | E29: 1.4672427 | F29: 1.6980304 | G29: 1.6037627 | H29: 2.7320802
B30: Norway | C30: 1.8951275 | D30: 1.824862 | E30: 2.0620126 | F30: 1.8051533 | G30: 1.3655687 | H30: 1.7453775
B31: Northern Ireland | C31: 0.73655576 | D31: 0.62155621 | E31: 0.755442 | F31: 1.4772431 | G31: 1.8126494 | H31: 1.497713
B32: Ireland | C32: - | D32: - | E32: - | F32: - | G32: - | H32: -
B33: Lithuania | C33: 0.3753114 | D33: 0.30659401 | E33: 0.64730982 | F33: 0.93 | G33: 1.0007975 | H33: 1.11945
B34: India | C34: - | D34: - | E34: - | F34: - | G34: - | H34: -
B35: 1 From 2019, heat consumption for Sweden also included district cooling.
B36: 2 In 2024, the total heat consumption per employee (MWh/FTE) is calculated by dividing the total heat consumption by the total number of FTEs, including those in estimated countries.
B38: Heat consumption per m2 (kWh/m2) 1 | C38: 2024 | D38: 2023 | E38: 2022 | F38: 2021 | G38: 2020 | H38: 2019
B39: Total | C39: =C11/'[1]Energy consumption'!C10*1000 -> 90.644861 | D39: 73.126593 | E39: 87.859639 | F39: 100.30231 | G39: 88.387994 | H39: 94.78
B40: Denmark | C40: 97.859518 | D40: 88.38277 | E40: 112.01575 | F40: 129.21212 | G40: 109.55856 | H40: 109.01767
B41: Finland | C41: 82.326853 | D41: 76.837095 | E41: 81.410941 | F41: 72.139443 | G41: 65.951195 | H41: 88.724812
B42: Sweden | C42: 98.678907 | D42: 54.718069 | E42: 61.959871 | F42: 66.575791 | G42: 63.5732 | H42: 95.962037
B43: Norway | C43: 78.709698 | D43: 80.573405 | E43: 82.905899 | F43: 65.403243 | G43: 43.947542 | H43: 56.872224
B44: Northern Ireland | C44: 41.956189 | D44: 35.815368 | E44: 39.182713 | F44: 77.788464 | G44: 92.872515 | H44: 71.536725
B45: Ireland | C45: - | D45: - | E45: - | F45: - | G45: - | H45: -
B46: Lithuania | C46: 41.811304 | D46: 32.294854 | E46: 52.589292 | F46: 64.865751 | G46: 69.872962 | H46: 83.162808
B47: India | C47: - | D47: - | E47: - | F47: - | G47: - | H47: -
B48: 1 From 2019, heat consumption for Sweden also included district cooling.
B50: Heat consumption — head office (MWh) 1 | C50: 2024 | D50: 2023 | E50: 2022 | F50: 2021 | G50: 2020 | H50: 2019
B51: Total | C51: 26656 | D51: 20219.862 | E51: 23846.686 | F51: 29056.902 | G51: 30303.388 | H51: 30640
B52: Denmark | C52: 17945.135 | D52: 12565.687 | E52: 14635.865 | F52: 18863.336 | G52: 20720.187 | H52: 19602.307
B53: Finland | C53: 2557.864 | D53: 3000.0323 | E53: 3167.7316 | F53: 2354.6666 | G53: 2215.475 | H53: 2903.1771
B54: Sweden | C54: 2042.4775 | D54: 983.94676 | E54: 934.11935 | F54: 1271.914 | G54: 1271.914 | H54: 2054.0409
B55: Norway | C55: 1464.403 | D55: 1535.7427 | E55: 1537.6541 | F55: 1729.4485 | G55: 1166.9 | H55: 1497.8175
B56: Northern Ireland | C56: 993.103 | D56: 857.354 | E56: 933.89 | F56: 1224.58 | G56: 1203.58 | H56: 1077.344
B57: Ireland | C57: - | D57: - | E57: - | F57: - | G57: - | H57: -
B58: Lithuania | C58: 1653.428 | D58: 1277.1 | E58: 2637.4259 | F58: 3612.9569 | G58: 3725.3319 | H58: 3505.7145
B59: India | C59: - | D59: - | E59: - | F59: - | G59: - | H59: -
B60: 1 From 2019, the Swedish heat consumption also included district cooling.
B62: Heat consumption —branches (MWh) 1 | C62: 2024 | D62: 2023 | E62: 2022 | F62: 2021 | G62: 2020 | H62: 2019
B63: Total | C63: =SUM(C64:C71) -> 9443.7352 | D63: 10241.647 | E63: 14220.786 | F63: 18697.65 | G63: 16375.155 | H63: 20524
B64: Denmark | C64: 7851.8846 | D64: 8399.6889 | E64: 11400.717 | F64: 15456.77 | G64: 11479.207 | H64: 13762
B65: Finland | C65: 580.344 | D65: 698.96792 | E65: 957.3195 | F65: 1027.0147 | G65: 1961.3478 | H65: 3324
B66: Sweden | C66: 792.206 | D66: 839.93788 | E66: 1148.2728 | F66: 1171.5611 | G66: 1131.7599 | H66: 1911
B67: Norway | C67: 219.3006 | D67: 303.05226 | E67: 621.75544 | F67: 166.03432 | G67: 405.52 | H67: 433
B68: Northern Ireland | C68: - | D68: - | E68: 92.722 | F68: 865.29 | G68: 1372.32 | H68: 1058.817
B69: Ireland | C69: - | D69: - | E69: - | F69: - | G69: - | H69: -
B70: Lithuania | C70: - | D70: - | E70: - | F70: 10.98 | G70: 25 | H70: 35.1339
B71: India | C71: - | D71: - | E71: - | F71: - | G71: - | H71: -
B72: 1 From 2019, heat consumption for Sweden also included district cooling.

Sheet Road transport
B4: Environment: Road transport
B6: Road transportation of the Danske Bank Group – all data is reported from Q4-Q3 and covers our main operations in Denmark, Finland, Sweden, Norway, Northern Ireland, Ireland, Lithuania and India.
B8: The Danske Bank Group sold its operations in India in 2023. Therefore, no data is available for India for 2024.
B10: Business travel by road — total (1,000 km) 1,2 | C10: 2024 | D10: 2023 | E10: 2022 | F10: 2021 | G10: 2020 | H10: 2019
B11: Total | C11: 10763.995 | D11: 12943.524 | E11: 12671.154 | F11: 10852 | G11: 16458 | H11: 21726
B12: Denmark | C12: 8608 | D12: 9682.362 | E12: 10255 | F12: 9247 | G12: 12568 | H12: 15348
B13: Finland | C13: 707.74 | D13: 620.501 | E13: 520.861 | F13: 402.936 | G13: 810.842 | H13: 1281.542
B14: Sweden | C14: 692.85 | D14: 558.323 | E14: 477.883 | F14: 471.753 | G14: 871.627 | H14: 1400.58
B15: Norway | C15: 138.261 | D15: 115.9882 | E15: 80.1425 | F15: 48.5502 | G15: 169.1598 | H15: 401.6385
B16: Northern Ireland | C16: 567.592 | D16: 498.0304 | E16: 410.2096 | F16: 177.1552 | G16: 650.2154 | H16: 960.68
B17: Ireland | C17: - | D17: - | E17: - | F17: - | G17: 12.28 | H17: -
B18: Lithuania | C18: 67.809375 | D18: 82.842 | E18: 138.83037 | F18: 172.4913 | G18: 308.594 | H18: 479.427
B19: India | C19: - | D19: 1385.477 | E19: 787.807 | F19: 332.902 | G19: 1068.099 | H19: 1853.91
B20: 1 In 2024, the total (1,000 km) includes manually estimated kilometres from converting litres consumed during business travel. This was done to ensure consistency and comparability with previous years' numbers as more litre data was available and used to estimate CO2e.
B21: 2 From 2019, road transportation for India also included vehicles available for employees commuting and where fuel and services are paid by Danske Bank.
B23: Business travel by road per employee (km/FTE) 1 | C23: 2024 | D23: 2023 | E23: 2022 | F23: 2021 | G23: 2020 | H23: 2019
B24: Total | C24: 552 | D24: 633.23564 | E24: 592.05721 | F24: 496.53508 | G24: 749.03164 | H24: 1046.1821
B25: Denmark | C25: 877 | D25: 990.13852 | E25: 984.43387 | F25: 855.94652 | G25: 1140.4545 | H25: 1443.7642
B26: Finland | C26: 463 | D26: 402.22455 | E26: 324.23836 | F26: 233.95907 | G26: 446.52549 | H26: 682.37202
B27: Sweden | C27: 481 | D27: 386.25816 | E27: 331.9255 | F27: 323.61722 | G27: 581.56095 | H27: 965.06627
B28: Norway | C28: 149 | D28: 111.12092 | E28: 70.314221 | F28: 43.146145 | G28: 146.90689 | H28: 363.09057
B29: Northern Ireland | C29: 421 | D29: 361.05726 | E29: 301.66071 | F29: 125.22014 | G29: 457.55369 | H29: 673.55549
B30: Ireland | C30: - | D30: - | E30: - | F30: - | G30: 248.84725 | H30: -
B31: Lithuania | C31: 15 | D31: 19.887919 | E31: 34.121116 | F31: 44.459385 | G31: 82.350073 | H31: 151.5723
B32: India | C32: - | D32: 996.64204 | E32: 573.66243 | F32: 236.56209 | G32: 841.54063 | H32: 1756.2846
B33: 1 From 2019, road transportation for India also included vehicles available for employees commuting and where fuel and services are paid by Danske Bank.
B35: Company vehicles (1,000 km) 1 | C35: 2024 | D35: 2023 | E35: 2022 | F35: 2021 | G35: 2020 | H35: 2019
B36: Total | C36: 65 | D36: 59.94 | E36: 53.104 | F36: 36.152 | G36: 41.7565 | H36: 28.906
B37: Denmark | C37: 65 | D37: 59.94 | E37: 53.104 | F37: 36.152 | G37: 41.7565 | H37: 28.906
B38: Finland | C38: - | D38: - | E38: - | F38: - | G38: - | H38: -
B39: Sweden | C39: - | D39: - | E39: - | F39: - | G39: - | H39: -
B40: Norway | C40: - | D40: - | E40: - | F40: - | G40: - | H40: -
B41: Northern Ireland | C41: - | D41: - | E41: - | F41: - | G41: - | H41: -
B42: Ireland | C42: - | D42: - | E42: - | F42: - | G42: - | H42: -
B43: Lithuania | C43: - | D43: - | E43: - | F43: - | G43: - | H43: -
B44: India | C44: - | D44: - | E44: - | F44: - | G44: - | H44: -
B45: 1 In 2024, the total (1,000 km) includes manually estimated kilometres from converting litres consumed during business travel. This was done to ensure consistency and comparability with previous years' numbers as more litre data was available and used to estimate CO2e.
B47: Employees’ cars (1,000km) 1,2 | C47: 2024 | D47: 2023 | E47: 2022 | F47: 2021 | G47: 2020 | H47: 2019
B48: Total | C48: =SUM(C49:C56) -> 10717.252 | D48: 12883.584 | E48: 12613.72 | F48: 10816.271 | G48: 16416.681 | H48: 21697.001
B49: Denmark | C49: 8543 | D49: 9622.422 | E49: 10202.317 | F49: 9210.483 | G49: 12525.864 | H49: 15319.224
B50: Finland | C50: 707.74 | D50: 620.501 | E50: 520.861 | F50: 402.936 | G50: 810.842 | H50: 1281.542
B51: Sweden | C51: 692.85 | D51: 558.323 | E51: 477.883 | F51: 471.753 | G51: 871.627 | H51: 1400.58
B52: Norway | C52: 138.261 | D52: 115.9882 | E52: 80.1425 | F52: 48.5502 | G52: 169.1598 | H52: 401.6385
B53: Northern Ireland | C53: 567.592 | D53: 498.0304 | E53: 410.2096 | F53: 177.1552 | G53: 650.2154 | H53: 960.68
B54: Ireland | C54: - | D54: - | E54: - | F54: - | G54: 12.28 | H54: -
B55: Lithuania | C55: 67.809375 | D55: 82.842 | E55: 138.83037 | F55: 172.4913 | G55: 308.594 | H55: 479.427
B56: India | C56: - | D56: 1385.477 | E56: 787.807 | F56: 332.902 | G56: 1068.099 | H56: 1853.91
B57: 1 In 2024, the total (1,000 km) includes manually estimated kilometres from converting litres consumed during business travel. This was done to ensure consistency and comparability with previous years' numbers as more litre data was available and used to estimate CO2e.
B58: 2 From 2019, road transportation for India also included vehicles available for employees commuting and where fuel and services are paid by Danske Bank.

Sheet Air transport
B4: Environment: Air transport
B6: Air transportation of the Danske Bank Group – covering our main operations in Denmark, Finland, Sweden, Norway, Northern Ireland, Ireland, Lithuania and India.
B8: The Danske Bank Group sold its operations in India in 2023. Therefore, no data is available for India for 2024.
B10: Business travel by air — total (1,000 km) 1,2 | C10: 2024 | D10: 2023 | E10: 2022 | F10: 2021 | G10: 2020 | H10: 2019
B11: Total | C11: 22307 | D11: 24588 | E11: 15054 | F11: 1631 | G11: 20450 | H11: 78774
B12: Denmark | C12: 11042.68 | D12: 13033.506 | E12: 6731.416 | F12: 951.91534 | G12: 13374.982 | H12: 43132.716
B13: Finland | C13: 2481.0283 | D13: 2353.7682 | E13: 1375.4942 | F13: 143.49465 | G13: 1783.5388 | H13: 7760.9275
B14: Sweden | C14: 1692.9559 | D14: 2000.9358 | E14: 1209.7953 | F14: 54.795041 | G14: 1669.2069 | H14: 5963.2386
B15: Norway | C15: 2592.2486 | D15: 2488.2879 | E15: 2650.0927 | F15: 95.741291 | G15: 2905.3179 | H15: 10873.764
B16: Northern Ireland | C16: 989.91598 | D16: 807.34543 | E16: 502.23194 | F16: 63.570102 | G16: 684.95367 | H16: 2130.0162
B17: Ireland | C17: 51.431029 | D17: 54.013914 | E17: 28.790923 | F17: 6.0109964 | G17: 31.561006 | H17: 128.84781
B18: Lithuania | C18: 3456.9234 | D18: 3849.6693 | E18: 2555.8366 | F18: 315.28628 | G18: 0.80900114 | H18: 8784.7571
B19: India | C19: - | D19: - | E19: - | F19: - | G19: - | H19: -
B20: 1 Following the restatement of air travel CO2e emissions, we also revised the data on air travel kilometres.
B21: 2 Kilometres for Q4 2018 are estimated using available air travel data from Q1, Q2, and Q3 2019, assuming similar travel patterns.
B23: Business travel by air per employee (km/FTE) | C23: 2024 | D23: 2023 | E23: 2022 | F23: 2021 | G23: 2020 | H23: 2019
B24: Total | C24: 1143 | D24: 1203 | E24: 704 | F24: 75 | G24: 931 | H24: 3793
B25: Denmark | C25: 1125 | D25: 1333 | E25: 646 | F25: 88 | G25: 1214 | H25: 4057
B26: Finland | C26: 1622 | D26: 1526 | E26: 857 | F26: 83 | G26: 982 | H26: 4132
B27: Sweden | C27: 1176 | D27: 1384 | E27: 840 | F27: 38 | G27: 1114 | H27: 4109
B28: Norway | C28: 2798 | D28: 2384 | E28: 2458 | F28: 85 | G28: 2523 | H28: 9830
B29: Northern Ireland | C29: 734 | D29: 585 | E29: 370 | F29: 45 | G29: 482 | H29: 1493
B30: Ireland | C30: 1142 | D30: 1200 | E30: 615 | F30: 131 | G30: 640 | H30: 2309
B31: Lithuania | C31: 785 | D31: 924 | E31: 627 | F31: 81 | G31: 0 | H31: 2777
B32: India | C32: - | D32: - | E32: - | F32: - | G32: - | H32: -

Sheet Paper consumption
B4: Environment: Paper consumption
B6: Paper consumption of the Danske Bank Group covers our main operations in Denmark, Finland, Sweden, Norway, Northern Ireland, Ireland, Lithuania and India.
B8: The Danske Bank Group sold its operations in India in 2023. Therefore, no data is available for 2024.
B10: Paper consumption — total (tonnes) | C10: 2024 | D10: 2023 | E10: 2022 | F10: 2021 | G10: 2020 | H10: 2019
B11: Total | C11: 198.92433 | D11: 201.5213 | E11: 200.87043 | F11: 199.17278 | G11: 295.76669 | H11: 394.98749
B12: Denmark | C12: 86.464524 | D12: 96.242213 | E12: 123.96773 | F12: 116.76291 | G12: 186.24472 | H12: 237.80805
B13: Finland | C13: 21.07169 | D13: 19.106149 | E13: 12.141609 | F13: 6.831636 | G13: 12.823319 | H13: 19.325983
B14: Sweden | C14: 43.044527 | D14: 44.506264 | E14: 12.527429 | F14: 6.141658 | G14: 11.537587 | H14: 22.432875
B15: Norway | C15: 8.5320435 | D15: 7.969703 | E15: 6.5440595 | F15: 5.014049 | G15: 4.90024 | H15: 9.0285895
B16: Northern Ireland | C16: 35.129268 | D16: 31.681626 | E16: 42.695188 | F16: 57.17338 | G16: 67.395106 | H16: 88.864865
B17: Ireland | C17: 0.530095 | D17: 0.9488 | E17: 0.70513 | F17: 1.153055 | G17: 2.064745 | H17: 0.29718
B18: Lithuania | C18: 4.15218 | D18: 0.474733 | E18: 1.97704 | F18: 5.788716 | G18: 9.980865 | H18: 15.917955
B19: India | C19: - | D19: 0.59181 | E19: 0.31224 | F19: 0.30737 | G19: 0.82011 | H19: 1.312
B21: Paper consumption per employee (kg/FTE) | C21: 2024 | D21: 2023 | E21: 2022 | F21: 2021 | G21: 2020 | H21: 2019
B22: Total | C22: 10.2 | D22: 9.6928632 | E22: 9.3935462 | F22: 9.1132014 | G22: 13.460489 | H22: 19.020097
B23: Denmark | C23: 8.8 | D23: 9.8419293 | E23: 11.912113 | F23: 10.808966 | G23: 16.900862 | H23: 22.37007
B24: Finland | C24: 13.8 | D24: 12.385092 | E24: 7.5744348 | F24: 3.9666924 | G24: 7.0617197 | H24: 10.290346
B25: Sweden | C25: 29.9 | D25: 30.790255 | E25: 8.6811636 | F25: 4.2131079 | G25: 7.6980292 | H25: 15.457318
B26: Norway | C26: 9.2 | D26: 7.6352658 | E26: 6.0773618 | F26: 4.4559422 | G26: 4.2556152 | H26: 8.1620554
B27: Northern Ireland | C27: 16.1 | D27: 22.968239 | E27: 31.41309 | F27: 40.412356 | G27: 47.425637 | H27: 62.305261
B28: Ireland | C28: 11.8 | D28: 30.790255 | E28: 15.003713 | F28: 25.066413 | G28: 41.840889 | H28: 5.3251005
B29: Lithuania | C29: 0.9 | D29: 0.11396938 | E29: 0.48724205 | F29: 1.4920332 | G29: 2.6634509 | H29: 5.0325099
B30: India | C30: - | D30: 0.42571816 | E30: 0.22776626 | F30: 0.2184189 | G30: 0.64615348 | H30: 1.2429112

Sheet Carbon neutralisation
B4: Environment: Carbon neutralisation
B6: CO2e emissions of the Danske Bank Group.
B8: The Danske Bank Group sold its operations in India in 2023. Therefore, no data is available for India for 2024.
B10: Total registered CO2e-emissions 1 | C10: 2024 | D10: 2023 | E10: 2022 | F10: 2021 | G10: 2020 | H10: 2019
B11: Total | C11: 10470.855 | D11: 11185.267 | E11: 9317.2156 | F11: 7342.0819 | G11: 12178.828 | H11: 22735.552
B12: Denmark | C12: 5628.1336 | D12: 6005.9431 | E12: 4939.9115 | F12: 4133.1639 | G12: 7312.8652 | H12: 13032.967
B13: Finland | C13: 973.91192 | D13: 1023.3653 | E13: 767.88631 | F13: 533.71943 | G13: 1093.7511 | H13: 2452.72
B14: Sweden | C14: 829.69772 | D14: 834.15478 | E14: 516.1533 | F14: 313.81268 | G14: 805.27071 | H14: 1656.2459
B15: Norway | C15: 728.18447 | D15: 707.31972 | E15: 646.46066 | F15: 58.240325 | G15: 736.30563 | H15: 2036.0135
B16: Northern Ireland | C16: 993.36503 | D16: 956.66106 | E16: 1012.9638 | F16: 1256.632 | G16: 1251.272 | H16: 1190.9714
B17: Ireland | C17: 28.447428 | D17: 28.659088 | E17: 29.260061 | F17: 25.884842 | G17: 24.215658 | H17: 25.176647
B18: Lithuania | C18: 1000.9157 | D18: 1033.6043 | E18: 763.63241 | F18: 474.11849 | G18: 318.86928 | H18: 1414.9549
B19: India | C19: - | D19: 345.42575 | E19: 511.23521 | F19: 473.01378 | G19: 510.12535 | H19: 393.81717
B20: Estimated CO2e | C20: 288.19876 | D20: 250.13355 | E20: 129.71235 | F20: 73.496448 | G20: 126.15348 | H20: 532.68458
B21: 1 Total has changed since 2019 due to restatements – see Breakdown of baseline changes.
B23: Neutralised by carbon credits from projects (tonnes) 1,2, 3,4 | C23: 2024 | D23: 2023 | E23: 2022 | F23: 2021 | G23: 2020 | H23: 2019
B24: Total | C24: 10875.787 | D24: 9292.2782 | E24: 6979.1636 | F24: 4733.3544 | G24: 7870.7537 | H24: =SUM(H25:H33) -> 15229.998
B25: Denmark | C25: 6033.0659 | D25: 5067.0968 | E25: 3162.633 | F25: 2759.4732 | G25: 4557.3737 | H25: 8041.3383
B26: Finland | C26: 973.91192 | D26: 828.70451 | E26: 563.25667 | F26: 484.3117 | G26: 948.15904 | H26: 2051.8522
B27: Sweden | C27: 829.69772 | D27: 652.79065 | E27: 434.12586 | F27: 333.81138 | G27: 578.35925 | H27: 1203.5557
B28: Norway | C28: 728.18447 | D28: 461.29292 | E28: 406.68191 | F28: 92.485803 | G28: 424.11322 | H28: 1261.5987
B29: Northern Ireland | C29: 993.36503 | D29: 912.9146 | E29: 1000.8713 | F29: 607.40946 | G29: 819.71335 | H29: 893.39137
B30: Ireland | C30: 28.447428 | D30: 27.511451 | E30: 27.230729 | F30: 1.8990777 | G30: 6.8833936 | H30: 10.122578
B31: Lithuania | C31: 1000.9157 | D31: 786.43389 | E31: 773.98375 | F31: 348.27125 | G31: 270.79677 | H31: 1076.9771
B32: India | C32: - | D32: 345.42575 | E32: 511.23521 | F32: 58.310928 | G32: 183.82618 | H32: 329.57738
B33: Estimated CO2e | C33: 288.19876 | D33: 210.10766 | E33: 99.145064 | F33: 47 | G33: 81.532826 | H33: 361.58436
B34: 1 We neutralise emissions by supporting certified carbon credit projects. See table below.
B35: 2 Offsetting is done on an annual basis based on total emissions for the current year at the time of reporting. Therefore, the neutralised tonnes differ from the total registered CO2e emissions as these have been restated in 2023 and 2024 (see Breakdown of baseline changes).
B36: 3 2019-2023 verified by third party.
B37: 4 The total CO2e neutralised by carbon credits in 2024 exceeds the total registered CO2e for the year due to corrections in our own operations' emissions caused by a double counting of Scope 2 emissions from heating in Denmark.
B39: Carbon Offset Projects purchased from 2009-2024 1,2
B40: Project Name | C40: Host Country | D40: Project Type | E40: Volume (tCO2e) | F40: Certification Standard | G40: Year of Purchase | H40: Link to registry | I40: Link to supplier description
B41: 100.5 MW Wind Power Project in Madhya Pradesh, India | C41: India | D41: Wind | E41: 20000 | F41: Gold Standard | G41: 2019 | H41: https://registry.goldstandard.org/projects/details/686
B42: 300 MW Wind Energy Project by Green Infra Wind Energy Limited | C42: India | D42: Wind | E42: 30000 | F42: Gold Standard | G42: 2020 | H42: https://registry.goldstandard.org/credit-blocks/details/148210
B43: Reforestation Project in Colombia | C43: Colombia | D43: Reforestation | E43: 2341 | F43: VCS and CCBS3 | G43: 2021 | H43: https://registry.verra.org/app/projectDetail/VCS/1769 | I43: https://www.southpole.com/projects/restoration-of-degraded-lands-in-jaguar-corridors-colombia
B44: Reforestation Project in Mexico | C44: Mexico | D44: Reforestation | E44: 6700 | F44: Verified Carbon Standard | G44: 2022 | H44: https://registry.verra.org/app/projectDetail/VCS/1740 | I44: https://www.southpole.com/projects/forest-restoration-with-teak
B45: Linshu Biogas Recovery and Power Generation Project | C45: China | D45: Renewable energy | E45: 279 | F45: Verified Carbon Standard | G45: 2022 | H45: https://registry.verra.org/app/projectDetail/VCS/2402 | I45: https://www.southpole.com/en/projects/linshu-wastewater-to-energy
B46: European biochar | C46: France | D46: Biochar | E46: 279 | F46: Awaiting ICROA certification4 | G46: 2022 | I46: https://platform.carbonfuture.earth/balancer/portfolios/view/main/79afec0d-a3a7-41f1-8902-ddd432364170
B47: Reforestation Project in Mexico | C47: Mexico | D47: Reforestation | E47: 8947 | F47: Verified Carbon Standard | G47: 2023 | H47: https://registry.verra.org/app/search/VCS?programType=ISSUANCE&exactResId=1740 | I47: https://www.southpole.com/projects/forest-restoration-with-teak
B48: Linshu Biogas Recovery and Power Generation Project | C48: China | D48: Renewable energy | E48: 345 | F48: Verified Carbon Standard | G48: 2023 | H48: https://registry.verra.org/app/search/VCS?programType=ISSUANCE&exactResId=2402 | I48: https://www.southpole.com/en/projects/linshu-wastewater-to-energy
B49: European biochar - Agriculture | C49: Austria | D49: Biochar | E49: 300 | F49: Awaiting ICROA certification4 | G49: 2023 | H49: https://platform.carbonfuture.earth/balancer/climate-credit/view/6f7bac09-4d8c-4920-bd48-36f337b56b4b | I49: https://platform.carbonfuture.earth/balancer/portfolios/view/318ac738-6f80-4b2e-a4bd-2f7967a0e35e
B50: European biochar - Vineyards | C50: France | D50: Biochar | E50: 45 | F50: Awaiting ICROA certification4 | G50: 2023 | H50: https://platform.carbonfuture.earth/balancer/climate-credit/view/6ffaa4ea-a627-41d5-9c8f-b5f9960cecd3 | I50: https://platform.carbonfuture.earth/balancer/portfolios/view/79afec0d-a3a7-41f1-8902-ddd432364170
B51: Reforestation Project in Mexico | C51: Mexico | D51: Reforestation | E51: 10478 | F51: Verified Carbon Standard | G51: 2024 | H51: Verra Search Page | I51: https://www.southpole.com/projects/forest-restoration-with-teak
B52: Linshu Biogas Recovery and Power Generation Project | C52: China | D52: Renewable energy | E52: 398 | F52: Verified Carbon Standard | G52: 2024 | H52: Verra Search Page | I52: https://www.southpole.com/en/projects/linshu-wastewater-to-energy
B53: European biochar - Agricultural Application | C53: Sweden, Germany, Switzerland, Austria, Italy | D53: Biochar | E53: 200 | F53: EBC C-Sink, awaiting ICROA endorsement4 | G53: 2024 | H53: Carbonfuture | I53: https://platform.carbonfuture.earth/balancer/portfolios/view/ab2c02c7-b298-47aa-92fc-66fa0c919859
B54: European biochar - Novocarbo | C54: Sweden, Germany, Portugal | D54: Biochar | E54: 100 | F54: EBC C-Sink, awaiting ICROA endorsement4 | G54: 2024 | H54: Carbonfuture | I54: https://platform.carbonfuture.earth/balancer/portfolios/view/71145495-c12b-4bec-9b58-4af0fc984f5a
B55: European biochar - Bara mineraler | C55: Sweden | D55: Biochar | E55: 98 | F55: EBC C-Sink, awaiting ICROA endorsement4 | G55: 2024 | H55: Carbonfuture | I55: https://platform.carbonfuture.earth/balancer/portfolios/view/739f9eb2-7253-44a6-b62a-751d46cc4540
B56: 1 FirstClimate AG has been our partner from 2009 to 2020. First Climate’s carbon offsetting activities are audited and verified by TÜV Nord on an annual basis. For more information: www.firstclimate.com/en/about-us/ .
B57: 2 In 2021 and 2022, we purchased carbon credits from South Pole that are verified and audited by independent third parties.
B58: 3 VCS stands for 'Verified Carbon Standard' and is a voluntary emissions reduction standard. The CCBS (Climate, Community & Biodiversity Standards) identify land management projects that simoultanously address climate change, support local communities and smallholders and conserve biodiversity. Both the VCS and the CCBS are developed and managed by the not-for-profit organisation, Verra.
B59: 4 From 2022 to 2024, we invested in a small proportion of biochar projects in order to support the development of technology-based offsetting solutions. The supported biochar projects are EBC C-Sink, still awaiting ICROA endorsement. In order to ensure that our entire emissions portfolio is ICROA endorsed, we have bundled these certificates with ICROA-endorsed offsets (certified under Verra).

Sheet Breakdown of indirect & direct 
B4: Environment: Breakdown of indirect and direct CO2e emissions
B6: Breakdown of indirect and direct CO2e emissions of the Danske Bank Group.
B8: In 2024, we updated our methodology for estimating Scope 3.6 business travel by air emissions. As a result, we restated emissions back to our baseline for own operations emissions (scope 1, 2, and current scope 3) – see Breakdown of baseline changes.
B10: The Danske Bank Group sold its operations in India in 2023. Therefore, no data is available for India for 2024.
B12: CO2e emissions scope 1 (direct CO2 emissions) 1,2 | C12: 2024 | D12: 2023 | E12: 2022 | F12: 2021 | G12: 2020 | H12: 2019
B13: Total | C13: 215.44735 | D13: 200.76072 | E13: =SUM(E14:E22) -> 244.61404 | F13: =SUM(F14:F22) -> 643.04729 | G13: =SUM(G14:G22) -> 651.4545 | H13: =SUM(H14:H22) -> 555.22274
B14: Denmark | C14: 6.5309718 | D14: 6.4931242 | E14: 9.0531699 | F14: 134.94975 | G14: 72.131264 | H14: 75.471343
B15: Finland | C15: - | D15: - | E15: - | F15: - | G15: - | H15: -
B16: Sweden | C16: - | D16: - | E16: - | F16: - | G16: - | H16: -
B17: Norway | C17: - | D17: - | E17: - | F17: - | G17: 1.38565 | H17: 1.573684
B18: Northern Ireland | C18: 202.99025 | D18: 189.7282 | E18: 232.1338 | F18: 501.66046 | G18: 571.12219 | H18: 464.99649
B19: Ireland | C19: - | D19: - | E19: - | F19: - | G19: - | H19: -
B20: Lithuania | C20: - | D20: - | E20: - | F20: - | G20: - | H20: -
B21: India | C21: - | D21: - | E21: - | F21: - | G21: - | H21: -
B22: Estimated CO2e emissions from operations without registered data | C22: 5.9261201 | D22: 4.5393998 | E22: 3.4270729 | F22: 6.4370829 | G22: 6.8153993 | H22: 13.181215
B23: 1 Direct CO2 emissions (scope 1) comprise emissions from electricity, heat and steam generated by the organisation (within the organisational boundaries) and usage of company vehicles.
B24: 2 2019-2023 verified by third party.
B26: CO2e emissions scope 1: Heating from consumption of oil and gas (tonnes) 1 | C26: 2024 | D26: 2023 | E26: 2022 | F26: 2021 | G26: 2020 | H26: 2019
B27: Total | C27: 208.73165 | D27: 194 | E27: 235.47898 | F27: 644.90357 | G27: 644.15481 | H27: 549.97966
B28: Denmark | C28: - | D28: - | E28: - | F28: 136.78735 | G28: 64.9742 | H28: 70.35209
B29: Finland | C29: - | D29: - | E29: - | F29: - | G29: - | H29: -
B30: Sweden | C30: - | D30: - | E30: - | F30: - | G30: - | H30: -
B31: Norway | C31: - | D31: - | E31: - | F31: - | G31: 1.38565 | H31: 1.573684
B32: Northern Ireland | C32: 202.99025 | D32: 189.7282 | E32: 232.1338 | F32: 501.66046 | G32: 571.12219 | H32: 464.99649
B33: Ireland | C33: - | D33: - | E33: - | F33: - | G33: - | H33: -
B34: Lithuania | C34: - | D34: - | E34: - | F34: - | G34: - | H34: -
B35: India | C35: - | D35: - | E35: - | F35: - | G35: - | H35: -
B36: Estimated CO2e emissions from operations without registered data | C36: 5.7413975 | D36: 4.3891874 | E36: 3.3451829 | F36: 6.4557543 | G36: 6.6727743 | H36: 13.057392
B37: 1 Direct CO2 emissions (scope 1) comprise emissions from electricity, heat and steam generated by the organisation (within the organisational boundaries) and usage of company vehicles.
B39: CO2e emissions scope 1: Use of company vehicles (tonnes) 1 | C39: 2024 | D39: 2023 | E39: 2022 | F39: 2021 | G39: 2020 | H39: 2019
B40: Total | C40: 6.7156945 | D40: 6.6433367 | E40: 9.1819496 | F40: 6.3654292 | G40: 7.232055 | H40: 5.2437789
B41: Denmark | C41: 6.5309718 | D41: 6.4931242 | E41: 9.0531699 | F41: 6.3016551 | G41: 7.1570641 | H41: 5.1192526
B42: Finland | C42: - | D42: - | E42: - | F42: - | G42: - | H42: -
B43: Sweden | C43: - | D43: - | E43: - | F43: - | G43: - | H43: -
B44: Norway | C44: - | D44: - | E44: - | F44: - | G44: - | H44: -
B45: Northern Ireland | C45: - | D45: - | E45: - | F45: - | G45: - | H45: -
B46: Ireland | C46: - | D46: - | E46: - | F46: - | G46: - | H46: -
B47: Lithuania | C47: - | D47: - | E47: - | F47: - | G47: - | H47: -
B48: India | C48: - | D48: - | E48: - | F48: - | G48: - | H48: -
B49: Estimated CO2e emissions from operations without registered data | C49: 0.18472269 | D49: 0.15021246 | E49: 0.12877966 | F49: 0.063774033 | G49: 0.074990914 | H49: 0.12452631
B50: 1 Direct CO2e emissions (scope 1) comprise emissions from electricity, heat and steam generated by the organisation (within the organisational boundaries) and usage of company vehicles.
B52: CO2e emissions scope 2 (indirect emissions) – Market-based 1,2 | C52: 2024 | D52: 2023 | E52: 2022 | F52: 2021 | G52: 2020 | H52: 2019
B53: Total | C53: 1657.7516 | D53: 1753 | E53: 2062 | F53: =SUM(F54:F62) -> 2812.1901 | G53: 3209 | H53: 4550
B54: Denmark | C54: 1020.4821 | D54: 1064.0759 | E54: 1199.4514 | F54: 1876.5315 | G54: 2130.4598 | H54: 2698.0141
B55: Finland | C55: 264.29908 | D55: 354.31727 | E55: 421.45927 | F55: 406.82242 | G55: 582.08971 | H55: 1138.0598
B56: Sweden | C56: 202.01423 | D56: 162.99976 | E56: 154.05422 | F56: 212.43075 | G56: 234.25548 | H56: 346.79702
B57: Norway | C57: 18.788501 | D57: 24.9528 | E57: 18.232442 | F57: 21.532849 | G57: 20.37412 | H57: 23.683619
B58: Northern Ireland | C58: - | D58: - | E58: - | F58: - | G58: - | H58: -
B59: Ireland | C59: - | D59: - | E59: - | F59: - | G59: - | H59: -
B60: Lithuania | C60: 104.82734 | D60: 107.40411 | E60: 240.2695 | F60: 266.72175 | G60: 208.51845 | H60: 235.8205
B61: India | C61: - | D61: - | E61: - | F61: - | G61: - | H61: -
B62: Estimated CO2e emissions from operations without registered data | C62: 47.340281 | D62: 39.646025 | E62: 28.893928 | F62: 28.150808 | G62: 33.574827 | H62: 108.02845
B63: 1 The market-based methodology covers the emissions from electricity where contractual arrangements have been considered. For Danske Bank, this entails that the emissions from electricity consumption are reported as zero due to the purchase of renewable electricity certifications under guarantees of origin (GOO) and the renewable energy guarantees of origin (REGO).
B64: 2 2019-2023 verified by third party.
B66: CO2e emissions scope 2: Heating from external suppliers (tonnes) | C66: 2024 | D66: 2023 | E66: 2022 | F66: 2021 | G66: 2020 | H66: 2019
B67: Total | C67: 1657.7516 | D67: 1753 | E67: 2062 | F67: 2812 | G67: 3208 | H67: 4550
B68: Denmark | C68: 1020.4821 | D68: 1064.0759 | E68: 1199.4514 | F68: 1876.5315 | G68: 2130.4598 | H68: 2698.0141
B69: Finland | C69: 264.29908 | D69: 354.31727 | E69: 421.45927 | F69: 406.82242 | G69: 582.08971 | H69: 1138.0598
B70: Sweden | C70: 202.01423 | D70: 162.99976 | E70: 154.05422 | F70: 212.43075 | G70: 233.40706 | H70: 346.79702
B71: Norway | C71: 18.788501 | D71: 24.9528 | E71: 18.232442 | F71: 21.532849 | G71: 20.37412 | H71: 23.683619
B72: Northern Ireland | C72: 0 | D72: - | E72: - | F72: - | G72: - | H72: -
B73: Ireland | C73: 0 | D73: - | E73: - | F73: - | G73: - | H73: -
B74: Lithuania | C74: 104.82734 | D74: 107.40411 | E74: 240.2695 | F74: 266.72175 | G74: 208.51845 | H74: 235.8205
B75: India | C75: - | D75: - | E75: - | F75: - | G75: - | H75: -
B76: Estimated CO2e emissions from operations without registered data | C76: 47.340281 | D76: 39.646025 | E76: 28.893928 | F76: 28.150808 | G76: 33.574827 | H76: 108.02845
B78: CO2e emissions scope 2: Electricity from external suppliers (tonnes) – Market-based 1 | C78: 2024 | D78: 2023 | E78: 2022 | F78: 2021 | G78: 2020 | H78: 2019
B79: Total | C79: - | D79: - | E79: - | F79: - | G79: - | H79: -
B80: Denmark | C80: - | D80: - | E80: - | F80: - | G80: - | H80: -
B81: Finland | C81: - | D81: - | E81: - | F81: - | G81: - | H81: -
B82: Sweden | C82: - | D82: - | E82: - | F82: - | G82: - | H82: -
B83: Norway | C83: - | D83: - | E83: - | F83: - | G83: - | H83: -
B84: Northern Ireland | C84: - | D84: - | E84: - | F84: - | G84: - | H84: -
B85: Ireland | C85: - | D85: - | E85: - | F85: - | G85: - | H85: -
B86: Lithuania | C86: - | D86: - | E86: - | F86: - | G86: - | H86: -
B87: India | C87: - | D87: - | E87: - | F87: - | G87: - | H87: -
B88: Estimated CO2e emissions from operations without registered data | C88: - | D88: - | E88: - | F88: - | G88: - | H88: -
B89: 1 The market-based methodology covers the emissions from electricity where contractual arrangements have been considered. For Danske Bank, this entails that the emissions from electricity consumption are reported as zero due to the purchase of renewable electricity certifications under guarantees of origin (GOO) and the renewable energy guarantees of origin (REGO).
B91: CO2e emissions scope 2: Electricity from external suppliers (tonnes) – Location-based 1,2 | C91: 2024 | D91: 2023 | E91: 2022 | F91: 2021 | G91: 2020 | H91: 2019
B92: Total | C92: 2607.2527 | D92: 4552.4948 | E92: 5839.8279 | F92: 5240.6055 | G92: 7213.0405 | H92: 10187
B93: Denmark | C93: 1357.2581 | D93: 2095.7197 | E93: 2947.743 | F93: 2902.663 | G93: 3950.1789 | H93: 6111.4302
B94: Finland | C94: 137.17942 | D94: 214.69989 | E94: 233.01766 | F94: 284.3234 | G94: 746.77588 | H94: 1042.6712
B95: Sweden | C95: 22.596792 | D95: 27.510228 | E95: 28.172576 | F95: 45.575779 | G95: 41.611953 | H95: 54.707812
B96: Norway | C96: 13.266592 | D96: 22.611877 | E96: 12.87627 | F96: 24.148226 | G96: 36.414718 | H96: 37.474862
B97: Northern Ireland | C97: 694.95674 | D97: 550.13591 | E97: 610.04128 | F97: 513.2666 | G97: 899.69466 | H97: 1258.7386
B98: Ireland | C98: 18.615903 | D98: 23.977517 | E98: 40.228713 | F98: 39.612178 | G98: 42.410033 | H98: 46.342396
B99: Lithuania | C99: 363.37916 | D99: 547.58671 | E99: 1037.2772 | F99: 809.82433 | G99: 599.63005 | H99: 519.11314
B100: India | C100: - | D100: 1070.253 | E100: 930.4711 | F100: 621.192 | G100: 896.32435 | H100: 1116.2621
B101: 1 The location-based methodology covers the emissions originating from the electricity grid delivered directly from the suppliers.
B102: 2 Following the sale of Danske IT, our former fully owned subsidiary in India, on 1 September 2023, and changes in the emission factors, our total emissions from purchased electricity decreased relative to 2023 levels.
B104: Scope 3 (other indirect CO2e emissions) 1,2,3,4 | C104: 2024 | D104: 2023 | E104: 2022 | F104: 2021 | G104: 2020 | H104: 2019
B105: Total | C105: 8597.6557 | D105: 9231.1101 | E105: 7010.2409 | F105: 3886.8445 | G105: 8318.1016 | H105: 17629.925
B106: Denmark | C106: 4601.1205 | D106: 4935.3741 | E106: 3731.407 | F106: 2121.6826 | G106: 5110.2742 | H106: 10259.482
B107: Finland | C107: 709.61284 | D107: 669.04807 | E107: 346.42703 | F107: 126.89701 | G107: 511.66139 | H107: 1314.6602
B108: Sweden | C108: 627.68349 | D108: 671.15502 | E108: 362.09908 | F108: 101.38193 | G108: 571.01523 | H108: 1309.4488
B109: Norway | C109: 709.39597 | D109: 682.36692 | E109: 628.22822 | F109: 36.707477 | G109: 714.54586 | H109: 2010.7562
B110: Northern Ireland | C110: 790.37478 | D110: 766.93286 | E110: 780.83001 | F110: 754.97156 | G110: 680.14979 | H110: 725.97495
B111: Ireland | C111: 28.447428 | D111: 28.659088 | E111: 29.260061 | F111: 25.884842 | G111: 24.215658 | H111: 25.176647
B112: Lithuania | C112: 896.08835 | D112: 926.20022 | E112: 523.36291 | F112: 207.39674 | G112: 110.35082 | H112: 1179.1344
B113: India | C113: - | D113: 345.42575 | E113: 511.23521 | F113: 473.01378 | G113: 510.12535 | H113: 393.81717
B114: Estimated CO2e emissions from operations without registered data | C114: 234.93236 | D114: 205.94812 | E114: 97.391348 | F114: 38.908556 | G114: 85.763252 | H114: 411.47492
...

Sheet Other consumption
B4: Environment: Other consumption
B6: Other consumption of the Danske Bank Group.
B8: The Danske Bank Group sold its operations in India in 2023. Therefore, no data is available for 2024.
B10: Waste total (tonnes)1,2,3 | C10: 2024 | D10: 2023 | E10: 2022 | F10: 2021 | G10: 2020 | H10: 2019
B11: Total | C11: 1296 | D11: 1715.5023 | E11: 1713.0683 | F11: 294 | G11: 849 | H11: 1381
B12: 1 Due to lack of data availability: India and Lithuania not included in 2019; Norway and Sweden not included in 2018; Finland, India and Lithuania not included from 2018-2009; Northern Ireland and Ireland not included from 2011-2009.
B13: 2 Waste consists of three types: waste to landfill, waste to incineration and waste to recycling.
B14: 3 Due to lack of availability, waste data is estimated in 2022 for Sweden, India and Republic of Ireland.
B16: Waste to landfill (tonnes) | C16: 2024 | D16: 2023 | E16: 2022 | F16: 2021 | G16: 2020 | H16: 2019
B17: Total | C17: 2 | D17: 4.7823594 | E17: 2.44 | F17: - | G17: 0.05 | H17: 3.2
B19: Waste to incineration (tonnes) | C19: 2024 | D19: 2023 | E19: 2022 | F19: 2021 | G19: 2020 | H19: 2019
B20: Total | C20: 553 | D20: 587.67508 | E20: 685.75493 | F20: 54 | G20: 216 | H20: 557
B22: Waste to recycling (tonnes)1 | C22: 2024 | D22: 2023 | E22: 2022 | F22: 2021 | G22: 2020 | H22: 2019
B23: Total | C23: 497 | D23: 665.47142 | E23: 818.88512 | F23: 240 | G23: 633 | H23: 822
B24: 1 Waste to recycling consists of three types: Paper, electronics and other.
B26: % of waste to recycling | C26: 2024 | D26: 2023 | E26: 2022 | F26: 2021 | G26: 2020 | H26: 2019
B27: Total | C27: 38 | D27: 38.7 | E27: 52 | F27: 82 | G27: 75 | H27: 59
B29: Waste to recycling: Paper (tonnes) | C29: 2024 | D29: 2023 | E29: 2022 | F29: 2021 | G29: 2020 | H29: 2019
B30: Total | C30: 320 | D30: 435.64476 | E30: 454.91247 | F30: 202 | G30: 382 | H30: 529
B32: Waste to recycling: Electronics (tonnes) | C32: 2024 | D32: 2023 | E32: 2022 | F32: 2021 | G32: 2020 | H32: 2019
B33: Total | C33: 19 | D33: 13.225 | E33: 18.699 | F33: 6 | G33: 27 | H33: 27
B35: Waste to recycling: Other (tonnes) | C35: 2024 | D35: 2023 | E35: 2022 | F35: 2021 | G35: 2020 | H35: 2019
B36: Total | C36: 158 | D36: 154.6522 | E36: 181.2134 | F36: 31 | G36: 224 | H36: 266
B38: Water consumption —total (m3)1 | C38: 2024 | D38: 2023 | E38: 2022 | F38: 2021 | G38: 2020 | H38: 2019
B39: Total | C39: 88339 | D39: 77558.75 | E39: 60935.287 | F39: 41998.646 | G39: 73305 | H39: 92780.46
B40: 1 Due to the unavailability of data, water consumption for 2022 includes only data from Denmark, Finland, Northern Ireland, Norway and Lithuania. 2020 and 2019 includes only data from Denmark, Finland and Lithuania. In Denmark and Lithuania, the data covers only headoffices, and water consumption in Finland accounts for only one location in Pasila, Helsinki.

Sheet Collective bargaining
B4: Social: Collective bargaining
B6: Nordic Labour Markets
B7: The level of trade union membership remains comparatively high in all Nordic countries. As a result, labour unions play an important role in wage negotiations of terms and conditions, and collective bargaining agreements are a cornerstone of the functioning of labour markets. The collective bargaining agreements regulate salaries and employment terms and conditions applicable to all employees subject to the agreements. In practice, the agreements apply to all employees of the Danske Bank Group. In Danske Bank A/S, 86% of employees are subject to collective bargaining agreements, and for the Danske Bank Group the ratio is 75%. Collective bargaining agreements are concluded between the relevant trade union and the relevant employer association.
B12: Denmark
B13: In Denmark, the dominant trade union in the financial services industry is | H13: Finansforbundet, | J13: which concludes the collective bargaining agreement with Finance Denmark | R13: Finanssektorens Arbejdsgiverforening.
B14: The general agreement may be adapted in local negotiations between an individual institution and the trade union. Both the general agreement and adapted local agreements are available at (in Danish only):
B15: https://www.finansforbundet.dk/dk/dine-rettigheder/overenskomster/
B17: Finland
B18: In Finland, Danske Bank has its own collective agreement, which covers more than 80% of employees. We have two trade unions: Danske Bank Henkilöstöyhdistys PRO ry (Personnel Association PRO) and Danske Bank Esimiehet ja Asiantuntijat ry (Managers and Specialists). The main collective agreement is negotiated together with Henkilöstöyhdistys Pro ry, and other local agreements are mainly negotiated together with both unions. However, salary increases and the duration of the collective agreement are negotiated together with the rest of the finance employer associations and employee associations.
B22: Norway
B23: In Norway, the dominant trade union in the financial services industry is Finansforbundet (finansforbundet.no), which concludes the collective bargaining agreement with Finance Norway (finansnorge.no). Additionally, the trade union Econa has local representation in Danske Bank Norway, meaning the bank is also covered by the collective bargaining agreement between Econa and Finance Norway. The agreements can be found at:
B25: https://www.finansnorge.no/
B27: Sweden
B28: In Sweden, the dominant trade unions in the financial services industry are | H28: Finansförbundet | J28: and Sveriges Academikers Centralorganisation (SACO).
B29: Their counterpart in collective bargaining agreements is | G29: Bankernas Arbetsgivarorganisation(BAO).
B30: Wage negotiations in Sweden are comparatively centralised, and the export industry plays an important role in setting the general level of wage increases in order to preserve the competitiveness of Swedish industry, with domestic private sectors and the public sector align to these agreements.

Sheet Conflict resolution
B4: Social: Conflict resolution
B6: Summary of rules by labour market
B7: Denmark
B8: In Denmark, a conflict between Danske Bank and an employee who is a member of the relevant union under the collective agreement must be handled in accordance with the agreement between Finance Denmark (employer association) and the Financial Services Union Denmark – an agreement that covers rules for resolving industrial disputes. The agreement requires, that for example, conflicts relating to employment law staff grievances must be negotiated locally within a set deadline. If the local negotiations are unsuccessful, an association meeting must be held. If an agreement is not reached, the conflict can be referred to industrial arbitration for resolution of the conflict. A similar agreement applies to the collective agreement for Danica Pension. Employees who due to their employment terms are not covered by a collective agreement can be covered by an arbitration clause in the employee contract that details the procedure for handling a conflict if an amicable solution cannot be achieved. For employees i) who are not covered by the agreement between Finance Denmark and the Financial Services Union Denmark on rules for resolving industrial disputes, or ii) who are covered by the collective agreement but are not a member of the relevant union, or who do not have an arbitration clause, a conflict must be handled via the Danish judicial system or The Danish Board of Equal Treatment (Ligebehandlingsnævnet), where applicable. Further information about legislation and the Danish labour market is available on the Danish Ministry of Employment website:
B16: The Ministry of Employment
B18: Finland
B19: A conflict relating to the interpretation of collective agreement provisions must be handled according to Article 43 of the collective agreement. In principle, an employee must first address the issue with their manager. If no result is reached, the conflict is taken to a negotiation between a union representative (shop steward) and an employer representative. If the conflict needs to be escalated, the dispute is reviewed and handled by the official collective agreement parties. If no mutual understanding is achieved, disputes related to the collective agreement can be taken to the Finnish Labour Court, where the dispute is resolved according to the Act on Judicial Procedure in the Labour Court. Other types of disputes between Danske Bank and an employee are initially handled by informal negotiations between relevant parties and ultimately by a local district court if necessary (in accordance with the Finnish Code of Judicial Procedure). The aforementioned also applies to employees who are outside the scope of the collective agreement.
B25: Lithuania
B26: In Lithuania, a conflict between Danske Bank and an employee must be handled in accordance with the Labour Code of the Republic of Lithuania. A participant in an employment relationship (employee or employer) who believes that another subject of the labour law has violated their rights must apply to a labour dispute commission (a mandatory institution for hearing labour disputes) within a set deadline. The decisions of the labour dispute commission are binding for all parties and are enforceable through civil procedure regulations. However, if an employee or an employer disagrees with a decision of the labour dispute commision, they may file a case with a court of the Republic of Lithuania where the dispute will be heard once again. More information on legislation is available on the website of the State Labour Inspectorate of the Republic of Lithuania:
B29: National Labour Inspectorate
B31: Norway
B32: A conflict relating to the interpretation of collective agreement provisions must be handled according to the local collective agreement for Danske Bank Norway section 8-2 and chapter 7 of the Basic Agreement between Finance Norway and the Finance Sector Union of Norway. In principle, an employee must first address the issue with their manager. If no result is reached, the conflict is taken to a negotiation between a union representative (shop steward) and an employer representative within 14 days. If the conflict needs to be escalated, the dispute is reviewed and handled by the official collective agreement parties. If no mutual understanding is achieved, disputes related to the collective agreement can be taken to the Norwegian Labour Court, where the dispute is resolved according to the Norwegian Labour Disputes Act. Other types of disputes between Danske Bank and an employee are initially handled by informal negotiations between relevant parties and ultimately by a local district court if necessary (according to the Norwegian Dispute Act). The aforementioned also applies to employees who are outside the scope of the collective agreement.
... B38: In Sweden, the collective agreement with the unions applies to all employees, irrespective of whether an employee is a member of a union or not. However, if a conflict between the Danske Bank and an employee arises, the conflict is handled as follows: If the employee is a member of the one of the two unions with which Danske Bank has a collective agreement, the dispute must be handled according to the rules of resolving disputes in the collective agreement. The local negotiations must be negotiated within a set deadline. If the local negotiations are unsuccessful, the employers’ association will become involved and an association meeting must be held. If an agreement is not reached, the conflict can be referred to industrial arbitration for resolution of the conflict, at which the employers’ association will participate. If the employee is not a member of the relevant union, a conflict is handled according to the rules of resolving disputes in the collective agreement, the local negotiation, which is to be held within a certain time period. If an agreement is not reached by local negotiation, the conflict must be handled via the Swedish judicial system, primary court, and ultimately by the Swedish Labour Court if neither of the parties (the unions or the employer organisation) will represent the employee or Danske Bank. If the employee is not a member of any union, the employee is entitled to be represented by an external lawyer and the conflict must be handled via the Swedish judicial system, primary court and ultimately by the Swedish Labour Court. Please note that employees can have an employment agreement in which an arbitration clause exits, but such agreements are uncommon. It is possible for an employee to be represented by the Swedish Equality Ombudsman (Diskrimineringsombudsmannen), in which case the conflict will be referred to the Swedish Labour Court.

Sheet Accessible finance
B4: Social: Accessible finance
B6: Number of locations | C6: 2024 | D6: 2023 | E6: 2022 | F6: 2021 | G6: 2020
B7: Total | C7: =SUM(C8:C12) -> 129 | D7: 144 | E7: 175 | F7: 170 | G7: 191
B8: Denmark | C8: 51 | D8: 60 | E8: 68 | F8: 74 | G8: 88
B9: Finland | C9: 19 | D9: 19 | E9: 19 | F9: 19 | G9: 19
B10: Sweden | C10: 24 | D10: 24 | E10: 24 | F10: 27 | G10: 28
B11: Norway | C11: 11 | D11: 13 | E11: 16 | F11: 18 | G11: 20
B12: Northern Ireland | C12: 24 | D12: 28 | E12: 28 | F12: 32 | G12: 36
B13: Baltics | C13: n/a
B14: Ireland | C14: n/a
B16: Number of self-service eBanking transactions (millions) | C16: 2024 | D16: 2023 | E16: 2022 | F16: 2021 | G16: 2020
B17: Total | C17: 57.9 | D17: 53 | E17: 54 | F17: 64.5 | G17: 48.9
B19: Number of self-service mobile and tablet banking transactions (millions) | C19: 2024 | D19: 2023 | E19: 2022 | F19: 2021 | G19: 2020
B20: Total | C20: 95.9 | D20: 96.5 | E20: 90 | F20: 85.4 | G20: 67.2

Sheet Volunteering
B4: Social: Volunteering
B6: Our corporate volunteering programme, Time2Give, was established in 2019. Through the programme, employees are empowered to participate in volunteer activities three workdays per year paid by the Group. Employees decide themselves whether they want to volunteer alone or with their team. Similarly, they can choose to find their own volunteer project, or in some countries they can sign up to a project headed by Danske Bank in partnership with local NGOs and other organisations. Time2Give is a global project and open to all employees in the Group.
B8: Number of participants in employee volunteering programmes 1,2 | C8: 2024 | D8: 2023 | E8: 2022 | F8: 2021 | G8: 2020
B9: Total | C9: 4874 | D9: 4459 | E9: 3346 | F9: 1464 | G9: 1080
B10: 1 The number of participants increased significantly in 2022 due to an extension of our employee volunteering programme, which enabled employees to spend two additional paid workdays as an immediate response to the war in Ukraine.
B11: 2 Data for 2020-2024 are verified by third party.

Sheet Employees
B4: Social: Employees
B6: Number of FTEs 1,2 | C6: 2024 | D6: 2023 | E6: 2022 | F6: 2021 | G6: 2020
B7: Total (Q1-Q4) | C7: 19918 | D7: 20021 | E7: 21022 | F7: 21754 | G7: 22376
B8: 1 The number of FTEs is based on information registered at the end of the year in the Group's registration system.
B9: 2 Verified by third party
B11: Employee engagement score (%) 1,2 | C11: 2024 | D11: 2023 | E11: 2022 | F11: 2021 | G11: 2020
B12: Total | C12: 77 | D12: 75 | E12: 76 | F12: 74 | G12: 84
B13: 1 In 2021, a new Culture and Engagement Survey was introduced. Due to a change in survey methodology, our previous 2023 ambition of a 90% engagement score is no longer applicable and we now have a Satisfaction & Motivation index target of 77 instead.
B14: 2 2020-2023 data is verified by third party
B16: Employee turnover (%) 1,2,3 | C16: 2024 | D16: 2023 | E16: 2022 | F16: 2021 | G16: 2020
B17: Total | C17: 14.05 | D17: 18.2 | E17: 15.3 | F17: 14.8 | G17: 13
B18: Women | C18: 13.51 | D18: 15.2 | E18: 14.4 | F18: 13.22 | G18: 12.2
B19: Men | C19: 15.58 | D19: 21.2 | E19: 16.3 | F19: 16.4 | G19: 13.3
B20: Third gender/non-binary | C20: 76.6 | D20: 19.4 | E20: 0 | F20: - | G20: -
B21: 1 Employee turnover is defined as the number of leavers (retired and resigned employees – headcount) over a 12-month period, divided by the average number of employees at the end of each month over a 12-month period, which gives a turnover rate.
B22: 2 The high turnover percentage in 2024 for non-binary employees is due to the small number in this category; three terminations in 2024 significantly impacted the percentage.
B23: 3 Verified by third party
B25: Average year of service (years) 1 | C25: 2024 | D25: 2023 | E25: 2022 | F25: 2021 | G25: 2020
B26: Total | C26: 10 | D26: 10 | E26: 10 | F26: 11 | G26: 12
B27: Women | C27: 11 | D27: 11 | E27: 10 | F27: 12 | G27: 13
B28: Men | C28: 10 | D28: 10 | E28: 9 | F28: 10 | G28: 11
B29: Third gender/non-binary | C29: 1 | D29: 0 | E29: 0 | F29: - | G29: -
B30: 1Average years of service is defined as average years that employees have worked in the Group. The figures cover the entire Group.
B32: Average age (years) 1 | C32: 2024 | D32: 2023 | E32: 2022 | F32: 2021 | G32: 2020
B33: Total | C33: 41 | D33: 41 | E33: 40 | F33: 40 | G33: 42
B34: Women | C34: 41 | D34: 41 | E34: 40 | F34: 40 | G34: 42
B35: Men | C35: 41 | D35: 41 | E35: 40 | F35: 40 | G35: 41
B36: Third gender/non-binary | C36: 28 | D36: 27 | E36: 30 | F36: - | G36: -
B37: 1 Average age is defined as average age of employees in the Group. The figures cover the entire Group.
B39: Employee age groups (%) 1,2 | C39: 2024 | F39: 2023
C40: <30 years | D40: 30-50 years | E40: 50< years | F40: <30 years | G40: 30-49 years | H40: 50< years
B41: Total | C41: 16.96 | D41: 59.74 | E41: 23.3 | F41: 18.61 | G41: 56.55 | H41: 24.84
B42: Women | C42: 8.49 | D42: 30.39 | E42: 11.98 | F42: 9.33 | G42: 29.05 | H42: 12.91
B43: Men | C43: 8.45 | D43: 29.34 | E43: 11.32 | F43: 9.26 | G43: 27.49 | H43: 11.93
B44: Third gender/non-binary | C44: 0.02 | D44: 0.005 | E44: 0 | F44: 0.02 | G44: 0.01 | H44: 0
B45: 1 Employees per age group shows the age distribution of the employees in the Group. The figures cover the entire Group.
B46: 2 Data for 2024 is verified by third party
B48: Employee country distribution (%) 1,2,3 | C48: 2024 | D48: 2023 | E48: 2022 | F48: 2021 | G48: 2020
B49: Denmark | C49: 49.45 | D49: 48.17 | E49: 46.06 | F49: - | G49: -
B50: Finland | C50: 7.85 | D50: 7.61 | E50: 7.39 | F50: - | G50: -
B51: India | C51: n/a | D51: n/a | E51: 6.05 | F51: - | G51: -
B52: Lithuania | C52: 22.47 | D52: 22.26 | E52: 20.13 | F52: - | G52: -
B53: Luxembourg | C53: 0.08 | D53: 0.09 | E53: 0.13 | F53: - | G53: -
B54: Norway | C54: 3.33 | D54: 4.83 | E54: 4.92 | F54: - | G54: -
B55: Poland | C55: 2.45 | D55: 2.48 | E55: 1.49 | F55: - | G55: -
B56: Sweden | C56: 7.17 | D56: 7.22 | E56: 6.86 | F56: - | G56: -
B57: Ireland | C57: 0.2 | D57: 0.22 | E57: 0.2 | F57: - | G57: -
B58: United Kingdom | C58: 6.91 | D58: 7.02 | E58: 6.7 | F58: - | G58: -
B59: USA | C59: 0.08 | D59: 0.09 | E59: 0.07 | F59: - | G59: -
B60: 1 Employees per country shows the share of the employees working in the different countries that the Group operates in. The figures cover the entire Group.
B61: 2 From September 2023, all employees in Danske IT in India were transfered to Infosys as Danske Bank entered a strategic partnership with Infosys.
B62: 3 Data for 2024 is verified by third party
B64: Leaves of absence granted for other reasons (number of employees granted leave of absence during the year) 1 | C64: 2024 | D64: 2023 | E64: 2022 | F64: 2021 | G64: 2020
B65: Total | C65: 387 | D65: 370 | E65: 402 | F65: 377 | G65: 368
B66: Women | C66: 323 | D66: 295 | E66: 305 | F66: 311 | G66: -
B67: Men | C67: 64 | D67: 75 | E67: 97 | F67: 66 | G67: -
B68: Third gender/non-binary | C68: 0 | D68: 0 | E68: 0 | F68: - | G68: -
B69: 1 Leaves of absence granted for other reasons is defined as number of employees in the Group who have been granted leave during the year excluding family leave as the reason. From 2019, the figures cover the entire Group.
B71: Employees on leave during the year (number) 1 | C71: 2024 | D71: 2023 | E71: 2022 | F71: 2021 | G71: 2020
B72: Total | C72: 1242 | D72: 1261 | E72: 1302 | F72: 1302 | G72: 1425
B73: Women | C73: 805 | D73: 807 | E73: 839 | F73: 864 | G73: -
B74: Men | C74: 437 | D74: 454 | E74: 463 | F74: 438 | G74: -
B75: Third gender/non-binary | C75: 0 | D75: 0 | E75: 0 | F75: - | G75: -
B76: 1 Employees on leave during the year is defined as number of employees in the Group who have been granted leave during the year including all leave reasons. From 2019, the figures cover the entire Group.
B78: Flex jobs (number) 1 | C78: 2024 | D78: 2023 | E78: 2022 | F78: 2021 | G78: 2020
B79: Total | C79: 31 | D79: 31 | E79: 31 | F79: 33 | G79: 34
B80: Women | C80: 26 | D80: 22 | E80: 21 | F80: 25 | G80: -
B81: Men | C81: 5 | D81: 10 | E81: 10 | F81: 8 | G81: -
B82: Third gender/non-binary | C82: 0 | D82: 0 | E82: 0 | F82: - | G82: -
B83: 1 A flex job is a Danish work arrangement for people with reduced ability to work. Flex jobs is defined as number of employees in the Group working on a flex job agreement year-end. The number of flex jobs covers activities in Denmark only.
B85: Part-time employees (number) 1,2 | C85: 2024 | D85: 2023 | E85: 2022 | F85: 2021 | G85: 2020
B86: Total | C86: 1731 | D86: 1604 | E86: =E87+E88+E89 -> 1685 | F86: =F87+F88 -> 1787 | G86: =G87+G88 -> 2782
B87: Women | C87: 1286 | D87: 1274 | E87: 1343 | F87: 1435 | G87: 2090
B88: Men | C88: 445 | D88: 330 | E88: 341 | F88: 352 | G88: 692
B89: Third gender/non-binary | C89: 0 | D89: 0 | E89: 1 | F89: - | G89: -
B90: 1 Employees working part time is defined as the number of employees in the Group working part time year-end. The figures cover the entire Group.
B91: 2 Data for 2024 is verified by third party.

Sheet Diversity, Equity and Inclusion
B4: Social: Diversity, Equity and Inclusion
B6: Employee gender distribution (% women) 1 | C6: 2024 | D6: 2023 | E6: 2022 | F6: 2021 | G6: 2020
B7: Total | C7: 50.89 | D7: 51 | E7: 50 | F7: 50 | G7: 49
B8: 1 Verified by third party.
B10: Gender distribution: Leaders in general (% women) 1,2 | C10: 2024 | D10: 2023 | E10: 2022 | F10: 2021 | G10: 2020
B11: Total | C11: 41 | D11: 41 | E11: 39 | F11: 38 | G11: 37
B12: 1 Leadership positions is defined as persons with staff responsibility.
B13: 2 Verified by third party.
B15: Gender distribution: Senior leaders (% women) 1,2 | C15: 2024 | D15: 2023 | E15: 2022 | F15: 2021 | G15: 2020
B16: Total | C16: 34 | D16: 34 | E16: 34 | F16: 32 | G16: 28
B17: 1 Due to a reviewed and more accurate accounting methodology for women in senior leadership positions, we have updated the 2019 baseline from 23% to 27% (updated data is from January 2020). The increase is due to a new definition of senior leadership position, resulting in an increase of the baseline senior leader population from 603 to 927.
B18: 2 Verified by third party.
B20: Gender distribution: Level 2 leader (% women) 1,2 | C20: 2024 | D20: 2023 | E20: 2022 | F20: 2021 | G20: 2020
B21: Total | C21: 29 | D21: 31 | E21: - | F21: - | G21: -
B22: 1 Number of women/men with staff responsibility at supervisor level 2 as a percentage of total headcount with staff responsibility at supervisor level 2. The CEO is at supervisor level 1.
B23: 2 Verified by third party.
B25: Gender distribution: Level 3 leaders (% women) 1,2 | C25: 2024 | D25: 2023 | E25: 2022 | F25: 2021 | G25: 2020
B26: Total | C26: 41 | D26: 36 | E26: - | F26: - | G26: -
B27: 1 Number of women/men with staff responsibility at supervisor level 3 as a percentage of total headcount with staff responsibility at supervisor level 3. The CEO is at supervisor level 1.
B28: 2 Verified by third party.
B30: Gender distribution: Executive Leadership Team (% women) 1 | C30: 2024 | D30: 2023 | E30: 2022 | F30: 2021 | G30: 2020
B31: Total | C31: 22 | D31: 22 | E31: 25 | F31: 13 | G31: 13
B32: 1 2020 and 2024 are verified by third party.
B34: Employee gender pay ratio (%) 1,2,3,4 | C34: 2024 | D34: 2023 | E34: 2022 | F34: 2021 | G34: 2020
B35: Total | C35: 75.4 | D35: 76.7 | E35: 76 | F35: 81 | G35: 80
B36: 1 In 2022, the employee gender pay ratio decreased from 81% in 2021 to 76%. The decrease reflects how different types of work have traditionally been valued and remunerated, thereby leading to a disproportionate number of men in higher-paid positions – a situation that remains a reality in some of the low-cost countries in which Danske Bank is growing. This had a negative impact on our overall progress.
B37: 2 Compared to 2023, median pay increased for both genders, but more so for men than women, hence our median gender pay ratio decreased from 2023 to 2024. This was caused by a shift in the relative composition of Danske Banks' workforce across countries and types of positions.
B38: 3 The gender pay ratio has been restated for 2023.
B39: 4 Verified by third party.

Sheet Health and safety
B4: Social: Health and safety
B6: Absence due to illness (average number of days lost through illness per employee) 1,2,3,4 | C6: 2024 | D6: 2023 | E6: 2022 | F6: 2021 | G6: 2020
B7: Total | C7: - | D7: - | E7: 7.9 | F7: 7 | G7: 10.4
B8: 1 Absence due to illness is defined as time lost due to the employee's own illness, including pregnancy-related sick leave, occupational accidents and diseases. The rate of absence is calculated as the average number of registered days of absence per employee. The data may be underreported if employees do not register their illness. From 2010-2016, data covers the entire Group except for the Baltic states due to missing data.
B9: 2 2021 data covers Denmark, Finland, Lithuania, Norway and Sweden.
B10: 3 2022 data covers Denmark, Finland, Lithuania, Norway, Sweden and Poland.
B11: 4 Data for 2023-2024 is not available due to a system error.
B13: Injuries or post-traumatic stress related to robberies and violent situations (number)1 | C13: 2024 | D13: 2023 | E13: 2022 | F13: 2021 | G13: 2020
B14: Total | C14: 5 | D14: 2 | E14: 1 | F14: 12 | G14: 4
B15: 1 The number of injuries or incidents of potential post-traumatic stress related to robberies is defined as the number of injuries or employees reported to the authorities where an employee has been involved in a robbery, a violent situation or recieved a threath. The data covers the entire Group except for India and Malaysia.
B17: Other physical or mental injuries (number) 1 | C17: 2024 | D17: 2023 | E17: 2022 | F17: 2021 | G17: 2020
B18: Total | C18: 33 | D18: 37 | E18: 27 | F18: 45 | G18: 54
B19: 1 The number of other physical or mental injuries is defined as the number of injuries or employees reported to the authorities that is not related to a robbery or other criminal activity. The data covers the entire Group except for India and Malaysia.
B21: Employees who filed claims under medical insurance (number)1 | C21: 2024 | D21: 2023 | E21: 2022 | F21: 2021 | G21: 2020
B22: Total | C22: 4940 | D22: 4725 | E22: 4352 | F22: 4544 | G22: 4234
B23: 1 Only employees resident in Denmark are covered by medical expense insurance. The number may increase because of further notifications.

Sheet Management
B4: Governance: Management | M4: To be deleted
B6: Board meeting attendance rate (%) 1 | C6: 2024 | D6: 2023 | E6: 2022 | F6: 2021 | G6: 2020
C7: 98 | D7: 93 | E7: 98 | F7: 100 | G7: 99
B8: 1 Average of all board members' attendance rates based on accounting principles from Nasdaq's ESG reporting Guide 2.0.
B10: Gender distribution on the Board of Directors elected at the Annual General Meeting (% women) 1,2 | C10: 2024 | D10: 2023 | E10: 2022 | F10: 2021 | G10: 2020
C11: 37.5 | D11: 38 | E11: 44 | F11: 43 | G11: 33
B12: 1 Gender diversity share as at 31st December.
B13: 2 Verified by third party.
B15: Gender distribution on the Board of Directors - elected at the Annual General Meeting and employee-elected members (% women) 1,2 | C15: 2024 | D15: 2023 | E15: 2022 | F15: 2021 | G15: 2020
C16: 50 | D16: 50 | E16: 54 | F16: 55 | G16: 46
B17: 1 Gender diversity share as at 31st December.
B18: 2 Data for 2024 is verified by third party.
B20: Nationalities on the Board of Directors 1,2 | C20: 2024 | E20: 2023 | G20: 2022 | I20: 2021
C21: Persons | D21: % | E21: Persons | F21: % | G21: Persons | H21: % | I21: Persons | J21: %
B22: Danish | C22: 8 | D22: 66.7 | E22: 8 | F22: 66.7 | G22: 8 | H22: 61.5 | I22: 7 | J22: 64
B23: British | C23: n/a | E23: 1 | F23: 8.3 | G23: 1 | H23: 7.7 | I23: 1 | J23: 9
B24: German | C24: 1 | D24: 8.3 | E24: 1 | F24: 8.3 | G24: 1 | H24: 7.7 | I24: 1 | J24: 9
B25: Finnish | C25: 1 | D25: 8.3 | E25: 1 | F25: 8.3 | G25: 1 | H25: 7.7 | I25: 1 | J25: 9
B26: Norwegian | C26: n/a | E26: n/a | G26: 1 | H26: 7.7 | I26: 1 | J26: 9
B27: Lithuanian | C27: 1 | D27: 8.3 | E27: 1 | F27: 8.3 | G27: 1 | H27: 7.7 | I27: n/a
B28: Belgian | C28: 1 | D28: 8.3 | E28: n/a | G28: n/a | I28: n/a
B29: 1 Distribution of nationalities as at 31st December.
B30: 2 The % of German persons on the Board of Directors in 2023 has been restated.
B32: Nationalities of the Executive Leadership Team 1 | C32: 2024 | E32: 2023 | G32: 2022 | I32: 2021
C33: Persons | D33: % | E33: Persons | F33: % | G33: Persons | H33: % | I33: Persons | J33: %
B34: Danish | C34: 4 | D34: 44.4 | E34: 4 | F34: 44.4 | G34: 3 | H34: 37.5 | I34: 2 | J34: 25
B35: Dutch | C35: 1 | D35: 11.1 | E35: 1 | F35: 11.1 | G35: 1 | H35: 12.5 | I35: 1 | J35: 12.5
B36: Swedish | C36: 2 | D36: 22.2 | E36: 2 | F36: 22.2 | G36: 2 | H36: 25 | I36: 2 | J36: 25
B37: German | C37: 1 | D37: 11.1 | E37: 1 | F37: 11.1 | G37: 1 | H37: 12.5 | I37: 1 | J37: 12.5
B38: French | C38: n/a | E38: n/a | G38: n/a | I38: 1 | J38: 12.5
B39: Icelandic | C39: 1 | D39: 11.1 | E39: 1 | F39: 11.1 | G39: 1 | H39: 12.5 | I39: 1 | J39: 12.5
B40: 1 Distribution of nationalities as at 31st December 2023.
B42: Annual total remuneration ratio 1,2,3 | C42: 2024 | D42: 2023 | E42: 2022 | F42: 2021 | G42: 2020
B43: Group | C43: 39.2 | D43: 36.6 | E43: 32.1 | F43: - | G43: -
B44: 1 Annual total remuneration for the undertaking's highest-paid individual/median employee annual total remuneration (excluding the highest-paid individual).
B45: 2 In 2024, we aligned the reporting of the "Annual Total Remuneration Ratio" KPI with the Sustainability Statement in Danske Bank's Annual Report 2024.
B46: 3 Data for 2024 is verified by third party.

Sheet Training
B4: Governance: Training
B6: Employees trained in risk and compliance (%) 1,2,3 | C6: 2024 | D6: 2023 | E6: 2022 | F6: 2021 | G6: 2020
B7: Total | C7: 97 | D7: 97 | E7: 97 | F7: 96 | G7: 95
B8: 1 The result is below 100% mainly due to cases of long-term illness, organisational changes and job profile changes during the training period, and employees who have not completed the training before the deadline and therefore not included in the total.
B9: 2 The data for 2023 has been restated.
B10: 3 Verified by third party.

Sheet Danske Bank Policies
B4: Governance: Danske Bank Policies
B6: Danske Bank's Forward ’28 Strategy focuses on being a simple, efficient and secure bank. Therefore, in 2024, several of the Group's policies have been integrated to simplify the Group’s policy structure and reduce the number of policies.
B8: Name of policy | C8: Responsible | D8: Approval | E8: Disclosure | F8: Latest update | G8: Objective
B9: Additional Audit Services and Non-audit Services Policy | C9: CFO Area | D9: Board of Directors | E9: Not public | F9: 2024 | G9: The main purpose of this Additional audit services and non-audit services Policy is to protect the independence and objectivity of the external auditor elected to perform the statutory audit of the annual report of Danske Bank Group, by mandating an approval process for engaging the external auditor or non-audit services. Further, the Policy sets out instruction for approval of additional audit services to ensure an acceptable level of the fees.
B10: Business Continuity and Crisis Management Policy | C10: Group Risk Management | D10: Board of Directors | E10: Not public | F10: 2024 | G10: The objective of the Business Continuity & Crisis Management Policy is to set out the principles as well as roles and responsibilities associated with the continuity of business operations in the event of severe disruption that has an impact on the Dansk Bank Group. The Group is exposed to risks relating to the continuity of its business, namely its ability to provide service to its customers on an ongoing basis. Systematic and coordinated management of such risks is essential for meeting the Group’s strategy, protecting the interests of the Group’s customers and stakeholders and for meeting regulatory requirements.
B11: Capital Policy | C11: Group Risk Management | D11: Board of Directors | E11: Not public | F11: 2024 | G11: The objective of the Capital Policy is to ensure a strong capital position and compliance with all regulatory capital requirements at all times, while supporting long-term sustainable shareholder returns.
B12: Code of Conduct Policy | C12: CEO Office | D12: Board of Directors | E12: Public | F12: 2024 | G12: The Code of Conduct Policy outlines a set of principles that govern our behaviour and way of doing business in the Group. The objective of the Code is to promote a sound business culture in the Group that requires employees to take responsibility for their actions and helps them to ensure that we deliver a positive impact on customers, investors, employees and wider society.
B13: Compliance Policy | C13: CCO Area | D13: Board of Directors | E13: Not public | F13: 2024 | G13: The Compliance Policy sets the principles and standards for managing Compliance Risks across the Group and describes the key roles and responsibilities of Group Compliance in supporting the Group to remain compliant with applicable laws, rules and regulations across all jurisdictions where the Group operates.
B14: Conflict of Interest Policy | C14: CCO Area | D14: Board of Directors | E14: Public | F14: 2023 | G14: The Conflicts of Interest (CoI) Policy is designed to ensure that the Group adheres to relevant applicable laws and regulations. This Policy supports global compliance with sufficient flexibility to adapt to requirements in the local jurisdictions. The policy sets out the principles for the identification and appropriate management of CoI.
B15: Credit Policy | C15: Group Risk Management | D15: Board of Directors | E15: Not public | F15: 2024 | G15: The objective of the Credit Policy is to set out the principles for the business of lending and to support a strong risk culture at the Danske Bank Group, while ensuring adherence to the Executive Order on Management and Control of Banks etc., the Financial Business Act and our strategic ambitions. The acceptance of credit risk is an integral part of our core business and fulfilling our financial ambitions requires that we take sound commercial decisions, which balance risk and reward.
B16: Data Risk Management Policy | C16: Group Risk Management | D16: Board of Directors | E16: Not public | F16: 2024 | G16: The objective of the Data Risk Management Policy is to define group wide principles for management of Data Risks, which Danske Bank Group is exposed to.
B17: Diversity, Equity and Inclusion Policy | C17: Chief People Officer | D17: Board of Directors | E17: Public | F17: 2024 | G17: The Diversity, Equity & Inclusion (DE&) Policy commits to ensuring a diverse and inclusive culture within Danske Bank Group. The objective of the DE&I Policy is to ensure a diverse, equitable and inclusive culture within the Group and that the Group adheres to applicable regulatory requirements.
B18: Enterprise Risk Management Policy | C18: Group Risk Management | D18: Board of Directors | E18: Not public | F18: 2024 | G18: The Enterprise Risk Management Policy defines and sets Group-wide standards for the management and control of the risks the Danske Bank Group is exposed to. The Risk Tolerance Framework defines the risk levels the Group is willing to accept.
B19: Financial Crime Policy | C19: CCO Area | D19: Board of Directors | E19: Public | F19: 2024 | G19: The objective of the Financial Crime Policy is to set out the principles for the management of risk and compliance associated with money laundering, terrorist financing, sanctions, bribery, corruption, fraud, tax evasion and facilitation of tax evasion in the Group.
B20: Group Internal Governance Policy | C20: CEO Office | D20: Board of Directors | E20: Not public | F20: 2023 | G20: The objective of the in 2024 added Group Internal Governance Policy, into which the former Steering Policy, the Suitability Policy and the Succession and Talent Management Policy have been integrated, is to provide the framework for ensuring appropriate governance framework across the Group and serve as a cornerstone document setting out principles clarifying the Board of Directors’ expectations for Danske Bank, its Branches and Subsidiaries by setting principles.
... B42: Whistleblowing Policy | C42: Group Compliance | D42: Board of Directors | E42: Public | F42: 2023 | G42: The objective of the Whistleblowing Policy is to set out the principles and standards for the management of whistleblowers and whistleblowing Reports.
